Workbook

Sheet TIT-PRES
A1: ='SEGUIM-EP'!A1 -> 3810000 | B1: =3759500*1.03 -> 3872285
A3: ANEXO 2
A4: PLAN DE CONTRATACIÓN DE INSTRUCTORES AÑO 2021 PROGRAMACION REGULAR - SEGUIMIENTO A ETAPA PRODUCTIVA VIRTUAL Y PRESENCIAL
A6: Regional: CAUCA | I6: CDP No.
A7: Centro: COMERCIO Y SERVICIOS | I7: Rubro:
A8: Periodo: 2021
A9: Acta No.
A10: Tope global programado | B10: =+I34 -> 1998147800
A11: Menos Horas presente plan | H11: Elaborado por:
A12: Saldo | H12: Nombre: | I12: SUBDIRECTOR DE CENTRO - COORDINADOR MISIONAL - COORDINADOR ACADÉMICO
A13: % Utilizado | H13: Teléfono: | I13: 820-5903
A14: Nombre del Programa (TE-TP-TGO) | B14: Nombre de la competencia a desarrollar | C14: No. De personas a contratar | D14: No. De meses a contratar | E14: No. De días a contratar | F14: Fechas Previstas para la contratación | H14: Costo Hora o Costo Honorarios mes (Pesos) | I14: Costo Total (Pesos) | J14: OBSERVACIONES (PERFIL DEL INSTRUCTOR)
F15: Inicio (D-M-A) | G15: Terminación (D-M-A)
A16: 1 | B16: 2 | C16: 3 | D16: 4 | E16: 5 | F16: 6 | H16: 7 | I16: 8 | J16: 9 | IV16: =SUBTOTAL(9,A16:IU16) -> 45
A17: TITULADA PRESENCIAL PANIFICACIÓN Presencial y/o virtual | B17: Competencias técnicas del progama | C17: 1 | D17: 10 | E17: 22 | F17: 44221 | G17: 44547 | H17: =$A$1 -> 3810000 | I17: =(D17*H17+(H17/30*E17))*C17 -> 40894000 | J17: Requisitos Académicos: Preferiblemente: Ingeniero de Alimentos, profesional en gastronomía o áreas afines. Opcional:Técnico en panificación, cocina o afines. Experiencia Relacionada: Dieciocho (18) meses estarán relacionados con el ejercicio de empleos, actividades u oficios afines con su profesión objeto de la contratación. Experiencia Docente: Seis (6) meses en el ejercicio de las actividades de divulgación del conocimiento obtenida en instituciones educativas debidamente reconocidas.
A18: TITULADA PRESENCIAL GESTIÓN BANCARIA Presencial y/o virtual | B18: Competencias técnicas del programa | C18: 4 | D18: 10 | E18: 22 | F18: 44221 | G18: 44547 | H18: =$A$1 -> 3810000 | I18: =(D18*H18+(H18/30*E18))*C18 -> 163576000 | J18: Requisitos Académicos: Preferiblemente: Profesional Universitario en Ciencias Económicas o afines. Tarjeta profesional. Experiencia Relacionada: Dieciocho (18) meses estarán relacionados con el ejercicio de empleos, actividades u oficios afines con su profesión objeto de la contratación. Experiencia Docente: Seis (6) meses en el ejercicio de las actividades de divulgación del conocimiento obtenida en instituciones educativas debidamente reconocidas.
A19: TITULADA PRESENCIAL GESTIÓN CONTABLE Y FINANCIERA Presencial y/o virtual | B19: Competencias técnicas del programa | C19: 11 | D19: 10 | E19: 22 | F19: 44221 | G19: 44547 | H19: =$A$1 -> 3810000 | I19: =(D19*H19+(H19/30*E19))*C19 -> 449834000 | J19: Preferiblemente con especialización en finanzas, tributaria, costos o afines; con experiencia y manejo de software contable, financiero y de nómina. Lo mismo que formación en tecnologías de la información y las comunicaciones aplicadas para el desarrollo de las actividades propias del área contable y financiera: Alternativa 1. Requisitos Académicos: Profesional Universitarios o Tecnólogo en Contaduría pública, finanzas o afines. Opcional: Tecnólogo en Contaduría pública, finanzas, administración de empresas, economía, o afines. Tarjeta profesional. Experiencia Relacionada: Dieciocho (18) meses estarán relacionados con el ejercicio de empleos, actividades u oficios afines con su profesión objeto de la contratación. Experiencia Docente: Seis (6) meses en el ejercicio de las actividades de divulgación del conocimiento obtenida en instituciones educativas debidamente reconocidas. Alternativa 2. Requisitos Académicos: Título de técnico profesional en: Contaduría pública, finanzas, administración de empresas, economía, o afines. Experiencia Relacionada: Treinta (30) meses estarán relacionados con el ejercicio de empleos, actividades u oficios afines con su profesión objeto de la contratación. Experiencia Docente: Seis (6) meses en el ejercicio de las actividades de divulgación del conocimiento obtenida en instituciones educativas debidamente reconocidas.
A20: TITULADA PRESENCIAL GESTIÓN ADMINISTRATIVA GESTIÓN EMPRESARIAL GESTIÓN DEL TALENTO HUMANO Presencial y/o virtual | B20: Competencias técnicas del progama | C20: 4 | D20: 10 | E20: 22 | F20: 44221 | G20: 44547 | H20: =$A$1 -> 3810000 | I20: =(D20*H20+(H20/30*E20))*C20 -> 163576000 | J20: Alternativa 1 Requisitos Académicos: Profesional en Administrador de empresas, gestión empresarial, ciencias administrativas o afines, preferiblemente especialista y/o actualización en servicio al cliente. Tarjeta profesional. Experiencia Relacionada: Dieciocho (18) meses estarán relacionados con el ejercicio de empleos, actividades u oficios afines con su profesión objeto de la contratación. Experiencia Docente: Seis (6) meses en el ejercicio de las actividades de divulgación del conocimiento obtenida en instituciones educativas debidamente reconocidas. Alternativa 2 Requisitos Académicos: Tecnólogo en Gestión Empresarial o áreas afines o cuatro (4) años de estudios universitarios en mercadeo, logística o áreas afines. Experiencia Relacionada: Treinta (30) meses estarán relacionados con el ejercicio de empleos, actividades u oficios afines con su profesión objeto de la contratación. Experiencia Docente: Seis (6) meses en el ejercicio de las actividades de divulgación del conocimiento obtenida en instituciones educativas debidamente reconocidas.
A21: TITULADA PRESENCIAL GESTIÓN DOCUMENTAL Presencial y/o virtual | B21: Competencias técnicas del progama | C21: 2 | D21: 10 | E21: 22 | F21: 44221 | G21: 44547 | H21: =$A$1 -> 3810000 | I21: =(D21*H21+(H21/30*E21))*C21 -> 81788000 | J21: Requisitos Académicos: Preferiblemente: Profesiona en Ciencias de la Información y la Documentación o Archivística; Tarjeta profesional. Opcional: Egresados SENA con título de Tecnólogo en gestión documental o técnico profesional en archivo; Tarjeta profesional. Experiencia Relacionada: Dieciocho (18) meses estarán relacionados con el ejercicio de empleos, actividades u oficios afines con su profesión objeto de la contratación. Experiencia Docente: Seis (6) meses en el ejercicio de las actividades de divulgación del conocimiento obtenida en instituciones educativas debidamente reconocidas.
A22: TITULADA PRESENCIAL COCINA Presencial y/o virtual 50% FORMACIÓN 50% SEGUIMIENTO ETAPA PRODUCTIVA | B22: Competencias técnicas del progama | C22: 1 | D22: 10 | E22: 22 | F22: 44221 | G22: 44547 | H22: =$A$1 -> 3810000 | I22: =(D22*H22+(H22/30*E22))*C22 -> 40894000 | J22: Requisitos Académicos: Preferiblemente: Profesional en las áreas de gastronomía, cocina, alta cocina, culinaria o gestión hotelera. Opcional: Tecnólogo y/ técnico en las áreas de cocina, gastronomía, culinaria, gestión hotelera o gestión de alimentos y bebidas. Experiencia Relacionada: Dieciocho (18) meses estarán relacionados con el ejercicio de empleos, actividades u oficios afines con su profesión objeto de la contratación. Experiencia Docente: Seis (6) meses en el ejercicio de las actividades de divulgación del conocimiento obtenida en instituciones educativas debidamente reconocidas.
A23: TITULADA PRESENCIAL SISTEMAS Presencial y/o virtual | B23: Competencias técnicas del progama | C23: 2 | D23: 10 | E23: 22 | F23: 44221 | G23: 44547 | H23: =$A$1 -> 3810000 | I23: =(D23*H23+(H23/30*E23))*C23 -> 81788000 | J23: Requisitos Académicos: Preferiblemente: Profesional universitario en desarrollo de Software o Ingeniero de Sistemas. Opcional: Tecnologo en Análisis, diseño y desarrollo de software o afines; Tarjeta profesional. Experiencia Relacionada: Dieciocho (18) meses estarán relacionados con el ejercicio de empleos, actividades u oficios afines con su profesión objeto de la contratación. Experiencia Docente: Seis (6) meses en el ejercicio de las actividades de divulgación del conocimiento obtenida en instituciones educativas debidamente reconocidas.
A24: TITULADA PRESENCIAL ANÁLISI, DISEÑO Y DESARROLLO DE SOFTWARE Presencial y/o virtual | B24: Competencias técnicas del progama | C24: 2 | D24: 10 | E24: 22 | F24: 44221 | G24: 44547 | H24: =$A$1 -> 3810000 | I24: =(D24*H24+(H24/30*E24))*C24 -> 81788000 | J24: Opción 1: Requisitos Académicos: Profesional universitario en desarrollo de Software o Ingeniero de Sistemas. Experiencia Relacionada: Dieciocho (18) meses estarán relacionados con el ejercicio de empleos, actividades u oficios afines con el desarrollo de software. Experiencia Docente: Seis (6) meses en el ejercicio de las actividades de divulgación del conocimiento obtenida en instituciones educativas debidamente reconocidas. Opción 2: Requisitos Académicos: Tecnologo en Análisis, diseño y desarrollo de software o afines. Tarjeta profesional. Experiencia Relacionada: Treinta (30) meses estarán relacionados con el ejercicio de empleos, actividades u oficios afines con el desarrollo de software. Experiencia Docente: Seis (6) meses en el ejercicio de las actividades de divulgación del conocimiento obtenida en instituciones educativas debidamente reconocidas.
A25: TITULADA PRESENCIAL GESTIÓN LOGÍSTICA GESTIÓN EMPRESARIAL GESTIÓN DE MERCADOS Presencial y/o virtual | B25: Competencias técnicas del progama y Formación Complementaria | C25: 2 | D25: 10 | E25: 22 | F25: 44221 | G25: 44547 | H25: =$A$1 -> 3810000 | I25: =(D25*H25+(H25/30*E25))*C25 -> 81788000 | J25: Requisitos Académicos: Opción 1. Ingeniero industrial, Agroindustrial y ciencias afines. Opción 2. Tecnólogo en Logística. Opción 3. Seis (6) semestres o su equivalente en Ingeniería industrial. Opción 4. Profesiones afines, Certificación laboral en normas de competencia laboral relacionadas con la titulación de Dirección de compras. Experiencia Relacionada: Diciocho (18) meses estarán relacionados con el ejercicio de empleos, actividades u oficios afines con su profesión objeto de la contratación. Experiencia Docente: Seis (6) meses en el ejercicio de las actividades de divulgación del conocimiento obtenida en instituciones educativas debidamente reconocidas.
A26: TITULADA PRESENCIAL ENFERMERÍA Presencial y/o virtual | B26: Competencias técnicas del progama | C26: 7 | D26: 10 | E26: 22 | F26: 44221 | G26: 44547 | H26: =$A$1 -> 3810000 | I26: =(D26*H26+(H26/30*E26))*C26 -> 286258000 | J26: Requisitos Académicos: Preferiblemente: Profesional en enfermería. Opcional: Fisiotepia con posgrado en funciones asistencias y/o Salud Pública. Experiencia Relacionada: Diciocho (18) meses estarán relacionados con el ejercicio de empleos, actividades u oficios afines con su profesión objeto de la contratación. Experiencia Docente: Seis (6) meses en el ejercicio de las actividades de divulgación del conocimiento obtenida en instituciones educativas debidamente reconocidas.
A27: TITULADA PRESENCIAL ADMINISTRACIÓN EN SALUD Presencial y/o virtual | B27: Competencias técnicas del progama | C27: 3 | D27: 10 | E27: 22 | F27: 44221 | G27: 44547 | H27: =$A$1 -> 3810000 | I27: =(D27*H27+(H27/30*E27))*C27 -> 122682000 | J27: Requisitos Académicos: Profesionales en el área de la salud, Administración en Salud con Especialización Calidad en Salud o Auditoria o Seguridad Social o Gerencia en Salud. Experiencia Relacionada: Doce (12) meses estarán relacionados con el ejercicio de empleos, actividades u oficios afines con su profesión objeto de la contratación. Experiencia Docente: Doce (12) meses en el ejercicio de las actividades de divulgación del conocimiento obtenida en instituciones educativas debidamente reconocidas.
A28: TITULADA PRESENCIAL SALUD PÚBLICA Presencial y/o virtual | B28: Competencias técnicas del progama | C28: 3 | D28: 10 | E28: 22 | F28: 44221 | G28: 44547 | H28: =$A$1 -> 3810000 | I28: =(D28*H28+(H28/30*E28))*C28 -> 122682000 | J28: Requisitos Académicos: Profesionales del área de la salud con postgrado en salud pública o epidemiología. Experiencia Relacionada: Doce (12) meses estarán relacionados con el ejercicio de empleos, actividades u oficios afines con su profesión objeto de la contratación. Experiencia Docente: Doce (12) meses en el ejercicio de las actividades de divulgación del conocimiento obtenida en instituciones educativas debidamente reconocidas.
... A30: TITULADA PRESENCIAL SERVICIOS FARMACÉUTICOS Presencial y/o virtual | B30: Competencias técnicas del progama | C30: 2 | D30: 10 | E30: 22 | F30: 44221 | G30: 44547 | H30: =$A$1 -> 3810000 | I30: =(D30*H30+(H30/30*E30))*C30 -> 81788000 | J30: Requisitos Académicos: Preferiblemente: Químico farmacéutico o profesional en Regencia de farmacia. Experiencia Relacionada: Dieciocho (18) meses estarán relacionados con el ejercicio de empleos, actividades u oficios afines con su profesión objeto de la contratación. Experiencia Docente: Seis (6) meses en el ejercicio de las actividades de divulgación del conocimiento obtenida en instituciones educativas debidamente reconocidas. Opcional: Requisitos Académicos: Tecnología en Regencia de Farmacia Experiencia Relacionada: Treinta (30) meses estarán relacionados con el ejercicio de empleos, actividades u oficios afines con su profesión objeto de la contratación. Experiencia Docente: Seis (6) meses en el ejercicio de las actividades de divulgación del conocimiento obtenida en instituciones educativas debidamente reconocidas.
A31: TITULADA PRESENCIAL PELUQUERIA Y CUIDADO ESTÉTICO DE MANOS Y PIES Presencial y/o virtual | B31: Competencias técnicas del progama y Formación Complementaria | C31: 2 | D31: 10 | E31: 22 | F31: 44221 | G31: 44547 | H31: =($A$1-468000)/2 -> 1671000 | I31: =(D31*H31+(H31/30*E31))*C31 -> 35870800 | J31: Requisitos Académicos: Preferiblemente: Profesional en peluquería o belleza integral. Opcional: Técnico en peluquería o técnico en belleza integral. Experiencia Relacionada: Veinticuatro (24) meses estarán relacionados con el ejercicio de empleos, actividades u oficios afines con su profesión objeto de la contratación. Experiencia Docente: Seis (6) meses en el ejercicio de las actividades de divulgación del conocimiento obtenida en instituciones educativas debidamente reconocidas.
A32: TITULADA PRESENCIAL SEGURIDAD VIAL, CONTROL DE TRANSITO Y TRANSPORTE Presencial y/o virtual | B32: Competencias técnicas del progama y Formación Complementaria | C32: 1 | D32: 10 | E32: 22 | F32: 44221 | G32: 44547 | H32: =$A$1 -> 3810000 | I32: =(D32*H32+(H32/30*E32))*C32 -> 40894000 | J32: Opción uno. Requisitos Académicos: Profesional en derecho, investigación judicial. Experiencia Relacionada: Doce (12) meses estarán relacionados con el ejercicio de empleos, actividades u oficios afines con su profesión objeto de la contratación. Experiencia Docente: Seis (6) meses en el ejercicio de las actividades de divulgación del conocimiento obtenida en instituciones educativas debidamente reconocidas. Opción dos: Requisitos Académicos: Tecnólogo en investigación judicial y/o criminalística o afines o cuatro (4) años estudios universitarios en derecho, investigación judicial o cuatro (4) años estudios universitarios en ingeniería de transporte, industrial, mecánica, administración de empresas. Experiencia Relacionada: Doce (12) meses estarán relacionados con el ejercicio de empleos, actividades u oficios afines con su profesión objeto de la contratación. Experiencia Docente: Seis (6) meses en el ejercicio de las actividades de divulgación del conocimiento obtenida en instituciones educativas debidamente reconocidas.
A33: TITULADA PRESENCIAL SERVICIOS DE RESTAURANTE Y BAR Presencial y/o virtual | B33: Competencias técnicas del progama y Formación Complementaria | C33: 1 | D33: 10 | E33: 17 | F33: 44228 | G33: 44547 | H33: =$A$1 -> 3810000 | I33: =(D33*H33+(H33/30*E33))*C33 -> 40259000 | J33: Requisitos Académicos: Preferiblemente: Profesional en hotelería y turismo. Opcional: Tecnólogo y/o técnico en mesa y bar o gastronomía. Experiencia Relacionada: Doce (12) meses estarán relacionados con el ejercicio de empleos, actividades u oficios afines con su profesión objeto de la contratación. Experiencia Docente: Seis (6) meses en el ejercicio de las actividades de divulgación del conocimiento obtenida en instituciones educativas debidamente reconocidas.
B34: TOTAL | C34: =SUM(C17:C33) -> 50 | I34: =SUM(I17:I33) -> 1998147800
A40: FERNANDO ALFONSO ESCOBAR QUIRA | E40: HAROL ARMANDO ROSERO SALAZAR | J40: Mirtha Gilma Espinosa Urbano
A41: C.C. 10.530.994 | E41: C.C. 76.320.134 | J41: C.C. 27.450.864
A42: Subdirector | E42: Coordinador Académico | J42: Coordinadora Formación Profesional

Sheet TIT-VIRT
A1: ='SEGUIM-EP'!A1-300000 -> 3510000 | B1: =3478310*1.03 -> 3582659.3
A3: ANEXO 2
A4: PLAN DE CONTRATACIÓN DE INSTRUCTORES AÑO 2021 PROGRAMACION REGULAR - SEGUIMIENTO A ETAPA PRODUCTIVA VIRTUAL Y PRESENCIAL
A6: Regional: CAUCA | I6: CDP No.
A7: Centro: COMERCIO Y SERVICIOS | I7: RUBRO
A8: Periodo: 2021
A9: Acta No.
A10: Tope global programado | B10: =+I23 -> 263133000
A11: Menos Horas presente plan | H11: Elaborado por:
A12: Saldo | H12: Nombre: | I12: SUBDIRECTOR DE CENTRO - COORDINADOR MISIONAL - COORDINADOR ACADÉMICO
A13: % Utilizado | H13: Teléfono: | I13: 820-5903
A14: Nombre del Programa (TE-TP-TGO) | B14: Nombre de la competencia a desarrollar | C14: No. De personas a contratar | D14: No. De meses a contratar | E14: No. De días a contratar | F14: Fechas Previstas para la contratación | H14: Costo Hora o Costo Honorarios mes (Pesos) | I14: Costo Total (Pesos) | J14: OBSERVACIONES (PERFIL DEL INSTRUCTOR) | K14: 1er Pago | L14: Último Pago | N14: No. De personas a contratar | O14: No. De meses a contratar | P14: No. De días a contratar | Q14: Fechas Previstas para la contratación | S14: Costo Hora o Costo Honorarios mes (Pesos) | T14: Costo Total (Pesos)
F15: Inicio (D-M-A) | G15: Terminación (D-M-A) | K15: Días | L15: Días | Q15: Inicio (D-M-A) | R15: Terminación (D-M-A)
A16: 1 | B16: 2 | C16: 3 | D16: 4 | E16: 5 | F16: 6 | H16: 7 | I16: 8 | J16: 9 | K16: 7 | L16: 15 | N16: 3 | O16: 4 | P16: 5 | Q16: 6 | S16: 7 | T16: 8
A17: MERCADEO Virtual | B17: Competencias técnicas del progama | C17: 2 | D17: 10 | E17: 22 | F17: 44221 | G17: 44547 | H17: =$A$1 -> 3510000 | I17: =(D17*H17+(H17/30*E17))*C17 -> 75348000 | J17: Alternativa 1 Requisitos Académicos: Profesional en Administrador de empresas, gestión empresarial, ciencias administrativas o afines, preferiblemente especialista y/o actualización en servicio al cliente; Tarjeta profesional. Experiencia Relacionada: Dieciocho (18) meses estarán relacionados con el ejercicio de empleos, actividades u oficios afines con su profesión objeto de la contratación. Experiencia Docente: Seis (6) meses en el ejercicio de las actividades de divulgación del conocimiento obtenida en instituciones educativas debidamente reconocidas. Alternativa 2 Requisitos Académicos: Tecnólogo en Gestión Empresarial o áreas afines o cuatro (4) años de estudios universitarios en mercadeo, logística o áreas afines. Experiencia Relacionada: Treinta (30) meses estarán relacionados con el ejercicio de empleos, actividades u oficios afines con su profesión objeto de la contratación. Experiencia Docente: Seis (6) meses en el ejercicio de las actividades de divulgación del conocimiento obtenida en instituciones educativas debidamente reconocidas. | K17: =H17/30*K16 -> 819000
A18: ANALISIS, DISEÑO Y DESARROLLO DE SOFTWARE Virtual | B18: Competencias técnicas del progama | C18: 1 | D18: 10 | E18: 22 | F18: 44221 | G18: 44547 | H18: =$A$1 -> 3510000 | I18: =(D18*H18+(H18/30*E18))*C18 -> 37674000 | J18: Opción 1: Requisitos Académicos: Profesional universitario en desarrollo de Software o Ingeniero de Sistemas. Experiencia Relacionada: Dieciocho (18) meses estarán relacionados con el ejercicio de empleos, actividades u oficios afines con el desarrollo de software y/o redes de computadoras. Experiencia Docente: Seis (6) meses en el ejercicio de las actividades de divulgación del conocimiento obtenida en instituciones educativas debidamente reconocidas. Opción 2: Requisitos Académicos: Tecnologo en Análisis, diseño y desarrollo de software o afines. Tarjeta profesional. Experiencia Relacionada: Treinta (30) meses estarán relacionados con el ejercicio de empleos, actividades u oficios afines con el desarrollo de software y/o redes de computadoras. Experiencia Docente: Seis (6) meses en el ejercicio de las actividades de divulgación del conocimiento obtenida en instituciones educativas debidamente reconocidas.
A19: NEGOCIACIÓN INTERNACIONAL Virtual | B19: Competencias técnicas del progama | C19: 1 | D19: 10 | E19: 22 | F19: 44221 | G19: 44547 | H19: =$A$1 -> 3510000 | I19: =(D19*H19+(H19/30*E19))*C19 -> 37674000 | J19: Requisitos Académicos: Preferiblemente: Profesional universitario en programas de formación relacionados con los procesos de gestión logística en la cadena de abastecimiento, o con énfasis en planeación de las actividades del mercadeo, tales como: Ingeniero industrial, Ingeniería de mercados, logística, o alimentos, administradores de empresas, contabilidad, finanzas y ciencias afines, preferiblemente con especialización en logística o comercio internacional o negocios internacionales y ciencias afines. Opcional: Tecnólogo en Negociación Internacional. Experiencia Relacionada: Veinticuatro (24) meses estarán relacionados con el ejercicio de empleos, actividades u oficios afines con el desarrollo de software y/o redes de computadoras. Experiencia Docente: Seis (6) meses en el ejercicio de las actividades de divulgación del conocimiento obtenida en instituciones educativas debidamente reconocidas.
A20: GESTIÓN LOGÍTICA Virtual | B20: Competencias técnicas del progama | C20: 1 | D20: 10 | E20: 22 | F20: 44221 | G20: 44547 | H20: =$A$1 -> 3510000 | I20: =(D20*H20+(H20/30*E20))*C20 -> 37674000 | J20: Requisitos Académicos: Opción 1. Ingeniero industrial, Agroindustrial y ciencias afines. Opción 2. Tecnólogo en Logística. Opción 3. Seis (6) semestres o su equivalente en Ingeniería industrial. Opción 4. Profesiones afines, Certificación laboral en normas de competencia laboral relacionadas con la titulación de Dirección de compras. Experiencia Relacionada: Dieciocho (18) meses estarán relacionados con el ejercicio de empleos, actividades u oficios afines con el desarrollo de software y/o redes de computadoras. Experiencia Docente: Seis (6) meses en el ejercicio de las actividades de divulgación del conocimiento obtenida en instituciones educativas debidamente reconocidas.
A21: GUIANZA TURISTICA A distancia | B21: Competencias técnicas del progama | C21: 1 | D21: 10 | E21: 22 | F21: 44221 | G21: 44547 | H21: =$A$1 -> 3510000 | I21: =(D21*H21+(H21/30*E21))*C21 -> 37674000 | J21: Requisitos Académicos: Preferiblemente: Profesional en Administración turística y hotelera, Hotelería y turismo. Opcional: Tecnólogo en organización de eventos y/o Tecnólogo en gestión hotelera. Experiencia Relacionada: Dieciocho (18) meses estarán relacionados con el ejercicio de empleos, actividades u oficios afines con el desarrollo de software y/o redes de computadoras. Experiencia Docente: Seis (6) meses en el ejercicio de las actividades de divulgación del conocimiento obtenida en instituciones educativas debidamente reconocidas.
A22: TODOS LOS PROGRAMAS (TRANSVERSAL ÉTICA) Presencial y/o virtual | B22: ÉTICA PARA LA CONSTRUCCIÓN DE UNA CULTURA DE PAZ | C22: 1 | D22: 10 | E22: 17 | F22: 44228 | G22: 44547 | H22: =$A$1 -> 3510000 | I22: =(D22*H22+(H22/30*E22))*C22 -> 37089000 | J22: Requisitos Académicos: Preferiblemente: Licenciado en educación física o profesional en ciencias del deporte. Opcional: Tecnólogo en actividad física o entrenamiento deportivo con Especialización tecnológica relacionada con el área de conocimiento. Experiencia Relacionada: Doce (12) meses estarán relacionados con el ejercicio de empleos, actividades u oficios afines con su profesión objeto de la contratación. Experiencia Docente: Doce (12) meses en el ejercicio de las actividades de divulgación del conocimiento obtenida en instituciones educativas debidamente reconocidas.
B23: TOTAL | C23: =SUM(C17:C22) -> 7 | I23: =SUM(I17:I22) -> 263133000 | N23: =SUM(N20:N20) -> 0 | T23: =SUM(T20:T20) -> 0
A30: FERNANDO ALFONSO ESCOBAR QUIRA | E30: HAROL ARMANDO ROSERO SALAZAR | J30: Mirtha Gilma Espinosa Urbano
A31: C.C. 10.530.994 | E31: C.C. 76.320.134 | J31: C.C. 27.450.864
A32: Subdirector | E32: Coordinador Académico | J32: Coordinadora Formación Profesional

Sheet SEGUIM-EP
A1: 3810000 | B1: =3759500*1.03 -> 3872285
A3: ANEXO 2
A4: PLAN DE CONTRATACIÓN DE INSTRUCTORES AÑO 2021 PROGRAMACION REGULAR - SEGUIMIENTO A ETAPA PRODUCTIVA VIRTUAL Y PRESENCIAL
A6: Regional: CAUCA | I6: CDP No.
A7: Centro: COMERCIO Y SERVICIOS | I7: Rubro:
A8: Periodo: 2021
A9: Acta No.
A10: Tope global programado | B10: =+I19 -> 120582000
A11: Menos Horas presente plan | H11: Elaborado por:
A12: Saldo | H12: Nombre: | I12: SUBDIRECTOR DE CENTRO - COORDINADOR MISIONAL - COORDINADOR ACADÉMICO | N12: PROYECCION DE ADICIONES
A13: % Utilizado | H13: Teléfono: | I13: 820-5903
A14: Nombre del Programa (TE-TP-TGO) | B14: Nombre de la competencia a desarrollar | C14: No. De personas a contratar | D14: No. De meses a contratar | E14: No. De días a contratar | F14: Fechas Previstas para la contratación | H14: Costo Hora o Costo Honorarios mes (Pesos) | I14: Costo Total (Pesos) | J14: OBSERVACIONES (PERFIL DEL INSTRUCTOR) | K14: 1er Pago | L14: Último Pago | N14: No. De personas a contratar | O14: No. De meses a contratar | P14: No. De días a contratar | Q14: Fechas Previstas para la contratación | S14: Costo Hora o Costo Honorarios mes (Pesos) | T14: Costo Total (Pesos)
F15: Inicio (D-M-A) | G15: Terminación (D-M-A) | K15: Días | L15: Días | Q15: Inicio (D-M-A) | R15: Terminación (D-M-A)
A16: 1 | B16: 2 | C16: 3 | D16: 4 | E16: 5 | F16: 6 | H16: 7 | I16: 8 | J16: 9 | K16: 11 | L16: 15 | O16: 3 | P16: 4 | Q16: 5 | R16: 6 | T16: 7 | U16: 8
A17: SEGUIMIENTO A ETAPA PRODUCTIVA (AREA ADMINISTRATIVA) | B17: Competencias técnicas del progama | C17: 2 | D17: 11 | E17: 0 | F17: 44221 | G17: 44554 | H17: =$A$1 -> 3810000 | I17: =(D17*H17+(H17/30*E17))*C17 -> 83820000 | J17: Alternativa 1 Requisitos Académicos: Profesional en Administrador de empresas, gestión empresarial, ciencias administrativas o afines, preferiblemente especialista y/o actualización en servicio al cliente; Tarjeta profesional. Experiencia Relacionada: Dieciocho (18) meses estarán relacionados con el ejercicio de empleos, actividades u oficios afines con su profesión objeto de la contratación. Experiencia Docente: Seis (6) meses en el ejercicio de las actividades de divulgación del conocimiento obtenida en instituciones educativas debidamente reconocidas. Alternativa 2 Requisitos Académicos: Tecnólogo en Gestión Empresarial o áreas afines o cuatro (4) años de estudios universitarios en mercadeo, logística o áreas afines. Experiencia Relacionada: Treinta (30) meses estarán relacionados con el ejercicio de empleos, actividades u oficios afines con su profesión objeto de la contratación. Experiencia Docente: Seis (6) meses en el ejercicio de las actividades de divulgación del conocimiento obtenida en instituciones educativas debidamente reconocidas. | K17: =H17/30*K16 -> 1397000 | L17: =127000*30 -> 3810000
A18: SEGUIMIENTO A ETAPA PRODUCTIVA (AREA ARCHIVO) | B18: Competencias técnicas del progama | C18: 1 | D18: 11 | E18: 0 | F18: 44221 | G18: 44554 | H18: =$A$1-468000 -> 3342000 | I18: =(D18*H18+(H18/30*E18))*C18 -> 36762000 | J18: Requisitos Académicos: Preferiblemente: Profesiona en Ciencias de la Información y la Documentación o Archivística; Tarjeta profesional. Opcional: Egresados SENA con título de Tecnólogo en gestión documental o técnico profesional en archivo; Tarjeta profesional. Experiencia Relacionada: Dieciocho (18) meses estarán relacionados con el ejercicio de empleos, actividades u oficios afines con su profesión objeto de la contratación. Experiencia Docente: Seis (6) meses en el ejercicio de las actividades de divulgación del conocimiento obtenida en instituciones educativas debidamente reconocidas.
B19: TOTAL | C19: =SUM(C17:C18) -> 3 | I19: =SUM(I17:I18) -> 120582000 | N19: =SUM(N17:N18) -> 0 | T19: =SUM(T17:T18) -> 0
A24: FERNANDO ALFONSO ESCOBAR QUIRA | E24: HAROL ARMANDO ROSERO SALAZAR | J24: Mirtha Gilma Espinosa Urbano
A25: C.C. 10.530.994 | E25: C.C. 76.320.134 | J25: C.C. 27.450.864
A26: Subdirector | E26: Coordinador Académico | J26: Coordinadora Formación Profesional

Sheet TIT-TRASV
A1: ='SEGUIM-EP'!A1 -> 3810000 | B1: =3759500*1.03 -> 3872285
A3: ANEXO 2
A4: PLAN DE CONTRATACIÓN DE INSTRUCTORES AÑO 2021 PROGRAMACION REGULAR - SEGUIMIENTO A ETAPA PRODUCTIVA VIRTUAL Y PRESENCIAL
A6: Regional: CAUCA | I6: CDP No.
A7: Centro: COMERCIO Y SERVICIOS | I7: Rubro:
A8: Periodo: 2021
A9: Acta No.
A10: Tope global programado | B10: =+I25 -> 621284000
A11: Menos Horas presente plan | F11: 22200000 | H11: Elaborado por:
A12: Saldo | F12: =+F11-25283333 -> -3083333 | G12: 3083333 | H12: Nombre: | I12: SUBDIRECTOR DE CENTRO - COORDINADOR MISIONAL - COORDINADOR ACADÉMICO
A13: % Utilizado | H13: Teléfono: | I13: 820-5903
A14: Nombre del Programa (TE-TP-TGO) | B14: Nombre de la competencia a desarrollar | C14: No. de personas a contratar | D14: No. de meses a contratar | E14: No. de días a contratar | F14: Fechas Previstas para la contratación | H14: Costo Hora o Costo Honorarios mes (Pesos) | I14: Costo Total (Pesos) | J14: OBSERVACIONES (PERFIL DEL INSTRUCTOR) | O14: No. De personas a contratar | P14: No. De meses a contratar | Q14: No. De días a contratar | R14: Fechas Previstas para la contratación | T14: Costo Hora o Costo Honorarios mes (Pesos) | U14: Costo Total (Pesos)
F15: Inicio (D-M-A) | G15: Terminación (D-M-A) | R15: Inicio (D-M-A) | S15: Terminación (D-M-A)
A16: 1 | B16: 2 | C16: 3 | D16: 4 | E16: 5 | F16: 6 | H16: 7 | I16: 8 | J16: 9 | O16: 3 | P16: 4 | Q16: 5 | R16: 6 | T16: 7 | U16: 8
A17: TODOS LOS PROGRAMAS (TRANSVERSAL ÉTICA) Presencial y/o virtual | B17: ÉTICA PARA LA CONSTRUCCIÓN DE UNA CULTURA DE PAZ | C17: 2 | D17: 9 | E17: 17 | F17: 44256 | G17: 44547 | H17: =$A$1 -> 3810000 | I17: =(D17*H17+(H17/30*E17))*C17 -> 72898000 | J17: Requisitos Académicos: Preferiblemente: Licenciado en educación física o profesional en ciencias del deporte. Opcional: Tecnólogo en actividad física o entrenamiento deportivo con Especialización tecnológica relacionada con el área de conocimiento. Experiencia Relacionada: Doce (12) meses estarán relacionados con el ejercicio de empleos, actividades u oficios afines con su profesión objeto de la contratación. Experiencia Docente: Doce (12) meses en el ejercicio de las actividades de divulgación del conocimiento obtenida en instituciones educativas debidamente reconocidas.
A18: TODOS LOS PROGRAMAS (TRANSVERSAL INGLES - FRANCES) Presencial y/o virtual | B18: INGLÉS | C18: 7 | D18: 10 | E18: 17 | F18: 44228 | G18: 44547 | H18: =$A$1 -> 3810000 | I18: =(D18*H18+(H18/30*E18))*C18 -> 281813000 | J18: Requisitos Académicos: Profesional en cualquier área de conocimiento, con Nivel mínimo B2 de acuerdo con el MCER. Los exámenes admitidos deben corresponder a la lista de exámenes aprobados por la NTC 5580 (Icontec -MEN) tener una vigencia de dos (2) años, corresponder a cuatro habilidades de dominio de la lengua (comprensión oral, comprensión escrita, producción oral, producción escrita). Experiencia Relacionada: Veinticuatro (24) meses relacionados con la docencia de lengua extranjera.
A19: TODOS LOS PROGRAMAS (TRANSVERSAL CULTURA FISICA) Presencial y/o virtual | B19: ACTIVIDAD FÍSICA Y HÁBITOS DE VIDA SALUDABLE | C19: 1 | D19: 10 | E19: 17 | F19: 44228 | G19: 44547 | H19: =$A$1 -> 3810000 | I19: =(D19*H19+(H19/30*E19))*C19 -> 40259000 | J19: Requisitos Académicos: Preferiblemente: Licenciado en educación física o profesional en ciencias del deporte. Opcional: Tecnólogo en actividad física o entrenamiento deportivo con Especialización tecnológica relacionada con el área de conocimiento. Experiencia Relacionada: Doce (12) meses estarán relacionados con el ejercicio de empleos, actividades u oficios afines con su profesión objeto de la contratación. Experiencia Docente: Seis (6) meses en el ejercicio de las actividades de divulgación del conocimiento obtenida en instituciones educativas debidamente reconocidas.
A20: TODOS LOS PROGRAMAS (TRANSVERSAL AMBIENTAL) Presencial y/o virtual | B20: PROTECCIÓN PARA LA SALUD Y EL MEDIO AMBIENTE | C20: 1 | D20: 9 | E20: 17 | F20: 44256 | G20: 44547 | H20: =$A$1 -> 3810000 | I20: =(D20*H20+(H20/30*E20))*C20 -> 36449000 | J20: Requisitos Académicos: Ingeniero ambiental, Ecólogo, Profesiones afines o Profesional con especialización en gestión ambiental. Experiencia Relacionada: Dieciocho (18) meses estarán relacionados con el ejercicio de empleos, actividades u oficios afines con su profesión objeto de la contratación. Experiencia Docente: Seis (6) meses en el ejercicio de las actividades de divulgación del conocimiento obtenida en instituciones educativas debidamente reconocidas.
A21: TODOS LOS PROGRAMAS (TRANSVERSAL COMUNICACIÓN) Presencial y/o virtual | B21: COMUNICACIÓN | C21: 1 | D21: 9 | E21: 17 | F21: 44256 | G21: 44547 | H21: =$A$1 -> 3810000 | I21: =(D21*H21+(H21/30*E21))*C21 -> 36449000 | J21: Requisitos Académicos: Profesional universitario en ciencias de la comunicación, periodismo, lingüística, filología, lenguas clásicas o modernas, español y literatura. Veinticuatro (24) meses de experiencia relacionada en área de formación y seis (6) meses de experiencia docente. Experiencia Relacionada: Veinticuatro (24) meses estarán relacionados con el ejercicio de empleos, actividades u oficios afines con su profesión objeto de la contratación. Experiencia Docente: Seis (6) meses en el ejercicio de las actividades de divulgación del conocimiento obtenida en instituciones educativas debidamente reconocidas.
A22: TODOS LOS PROGRAMAS (TRANSVERSAL EMPRENDIMIENTO) Presencial y/o virtual | B22: CULTURA EMPRENDEDORA Y EMPRESARIAL | C22: 2 | D22: 10 | E22: 17 | F22: 44228 | G22: 44547 | H22: =$A$1 -> 3810000 | I22: =(D22*H22+(H22/30*E22))*C22 -> 80518000 | J22: Alternativa 1. Requisitos Académicos: Profesionales en Ciencias económicas, Mercadeo, Ingeniería industrial, Logística, o afines. Experiencia Relacionada: Dieciocho (18) meses estarán relacionados con el ejercicio de empleos, actividades u oficios afines con su profesión objeto de la contratación. Experiencia Docente: Seis (6) meses en el ejercicio de las actividades de divulgación del conocimiento obtenida en instituciones educativas debidamente reconocidas. Alternativa 2. Requisitos Académicos: Título de Tecnólogo en: ciencias económicas, ingeniería industrial, mercadeo, logística o afines. Título de Técnico Profesional en: ciencias económicas, mercadeo, ingeniería industrial, logística o afines. Experiencia Relacionada: Treinta (30) meses estarán relacionados con el ejercicio de empleos, actividades u oficios afines con su profesión objeto de la contratación. Experiencia Docente: Seis (6) meses en el ejercicio de las actividades de divulgación del conocimiento obtenida en instituciones educativas debidamente reconocidas.
A23: TODOS LOS PROGRAMAS (TRANSVERSAL MATEMATICAS) Presencial y/o virtual | B23: MATEMÁTICAS | C23: 1 | D23: 9 | E23: 17 | F23: 44256 | G23: 44547 | H23: =$A$1 -> 3810000 | I23: =(D23*H23+(H23/30*E23))*C23 -> 36449000 | J23: Requisitos Académicos: Profesional universitario en disciplina académica del núcleo básico de conocimiento en: licenciado en matemáticas o ingeniero afín al programa de formación. Experiencia Relacionada: Dieciocho (18) meses estarán relacionados con el ejercicio de empleos, actividades u oficios afines con su profesión objeto de la contratación. Experiencia Docente: Seis (6) meses en el ejercicio de las actividades de divulgación del conocimiento obtenida en instituciones educativas debidamente reconocidas.
A24: TODOS LOS PROGRAMAS (TRANSVERSAL SALUD OCUPACIONAL) Presencial y/o virtual | B24: PROTECCIÓN PARA LA SALUD Y EL MEDIO AMBIENTE | C24: 1 | D24: 9 | E24: 17 | F24: 44256 | G24: 44547 | H24: =$A$1 -> 3810000 | I24: =(D24*H24+(H24/30*E24))*C24 -> 36449000 | J24: Requisitos Académicos: Profesional especializado en seguridad y salud en el trabajo con formación en gestión o educación ambientales. Experiencia Relacionada: Dieciocho (18) meses estarán relacionados con el ejercicio de empleos, actividades u oficios afines con su profesión objeto de la contratación. Experiencia Docente: Seis (6) meses en el ejercicio de las actividades de divulgación del conocimiento obtenida en instituciones educativas debidamente reconocidas.
B25: TOTAL | C25: =SUM(C17:C24) -> 16 | I25: =SUM(I17:I24) -> 621284000 | O25: =SUM(O19:O24) -> 0 | U25: =SUM(U19:U24) -> 0
A30: FERNANDO ALFONSO ESCOBAR QUIRA | E30: HAROL ARMANDO ROSERO SALAZAR | J30: Mirtha Gilma Espinosa Urbano
A31: C.C. 10.530.994 | E31: C.C. 76.320.134 | J31: C.C. 27.450.864
A32: Subdirector | E32: Coordinador Académico | J32: Coordinadora Formación Profesional

Sheet TIT-INVES
A1: ='SEGUIM-EP'!A1 -> 3810000 | B1: =3759500*1.03 -> 3872285
A3: ANEXO 2
A4: PLAN DE CONTRATACIÓN DE INSTRUCTORES AÑO 2021 PROGRAMACION REGULAR - SEGUIMIENTO A ETAPA PRODUCTIVA VIRTUAL Y PRESENCIAL
A6: Regional: CAUCA | I6: CDP No.
A7: Centro: COMERCIO Y SERVICIOS | I7: Rubro:
A8: Periodo: 2021
A9: Acta No.
A10: Tope global programado | B10: =+I21 -> 158750000
A11: Menos Horas presente plan | H11: Elaborado por:
A12: Saldo | H12: Nombre: | I12: SUBDIRECTOR DE CENTRO - COORDINADOR MISIONAL - COORDINADOR ACADÉMICO
A13: % Utilizado | H13: Teléfono: | I13: 820-5903
A14: Nombre del Programa (TE-TP-TGO) | B14: Nombre de la competencia a desarrollar | C14: No. De personas a contratar | D14: No. De meses a contratar | E14: No. De días a contratar | F14: Fechas Previstas para la contratación | H14: Costo Hora o Costo Honorarios mes (Pesos) | I14: Costo Total (Pesos) | J14: OBSERVACIONES (PERFIL DEL INSTRUCTOR) | N14: No. De personas a contratar | O14: No. De meses a contratar | P14: No. De días a contratar | Q14: Fechas Previstas para la contratación | S14: Costo Hora o Costo Honorarios mes (Pesos) | T14: Costo Total (Pesos)
F15: Inicio (D-M-A) | G15: Terminación (D-M-A) | Q15: Inicio (D-M-A) | R15: Terminación (D-M-A)
A16: 1 | B16: 2 | C16: 3 | D16: 4 | E16: 5 | F16: 6 | H16: 7 | I16: 8 | J16: 9 | N16: 3 | O16: 4 | P16: 5 | Q16: 6 | S16: 7 | T16: 8
A17: SALUD (30% Investigación 70% Seguimiento Etapa productiva) | B17: Competencias técnicas del progama | C17: 1 | D17: 10 | E17: 15 | F17: 44221 | G17: 44540 | H17: =$A$1 -> 3810000 | I17: =(D17*H17+(H17/30*E17))*C17 -> 40005000 | J17: Requisitos Académicos: Preferiblemente: Profesional en enfermería y/o fisiotepia. Opcional: Otras áreas de la Salud. Experiencia Relacionada: Dieciocho (18) meses estarán relacionados con el ejercicio de empleos, actividades u oficios afines con su profesión objeto de la contratación. Experiencia Docente: Seis (6) meses en el ejercicio de las actividades de divulgación del conocimiento obtenida en instituciones educativas debidamente reconocidas.
A18: DESARROLLO DE SOFTWARE (30% Investigación 70% Seguimiento Etapa productiva) | B18: Competencias técnicas del progama | C18: 1 | D18: 10 | E18: 15 | F18: 44221 | G18: 44540 | H18: =$A$1 -> 3810000 | I18: =(D18*H18+(H18/30*E18))*C18 -> 40005000 | J18: Opción 1: Requisitos Académicos: Profesional universitario en desarrollo de Software o Ingeniero de Sistemas. Experiencia Relacionada: Dieciocho (18) meses estarán relacionados con el ejercicio de empleos, actividades u oficios afines al desarrollo de software. Experiencia Docente: Seis (6) meses en el ejercicio de las actividades de divulgación del conocimiento obtenida en instituciones educativas debidamente reconocidas. Opción 2: Requisitos Académicos: Tecnologo en Análisis, diseño y desarrollo de software o afines. Tarjeta profesional. Experiencia Relacionada: Treinta (30) meses estarán relacionados con el ejercicio de empleos, actividades u oficios afines al desarrollo de software. Experiencia Docente: Seis (6) meses en el ejercicio de las actividades de divulgación del conocimiento obtenida en instituciones educativas debidamente reconocidas.
A19: ANIMACIÓN DIGITAL Y 3D Presencial y/o virtual (30% Investigación 70% Formación) | B19: Competencias técnicas del programa | C19: 1 | D19: 10 | E19: 10 | F19: 44228 | G19: 44540 | H19: =$A$1 -> 3810000 | I19: =(D19*H19+(H19/30*E19))*C19 -> 39370000 | J19: Requisitos Académicos: Preferiblemente: Profesional en diseño gráfico o carreras afines en animación digital o 3D. Opcional: Tecnólogo animación digital, animación 3D, ilustración para producciones audiovisuales. Experiencia Relacionada: Dieciocho (18) meses estarán relacionados con el ejercicio de empleos, actividades u oficios afines con su profesión objeto de la contratación. Experiencia Docente: Seis (6) meses en el ejercicio de las actividades de divulgación del conocimiento obtenida en instituciones educativas debidamente reconocidas.
A20: TODOS LOS PROGRAMAS (AMBIENTAL) Presencial y/o virtual (30% Investigación 70% Formación) | B20: Protección para la salud y el medio ambiente | C20: 1 | D20: 10 | E20: 10 | F20: 44228 | G20: 44540 | H20: =$A$1 -> 3810000 | I20: =(D20*H20+(H20/30*E20))*C20 -> 39370000 | J20: Requisitos Académicos: Ingeniero ambiental, Ecólogo, Profesiones afines o Profesional con especialización en gestión ambiental. Experiencia Relacionada: Dieciocho (18) meses estarán relacionados con el ejercicio de empleos, actividades u oficios afines con su profesión objeto de la contratación. Experiencia Docente: Seis (6) meses en el ejercicio de las actividades de divulgación del conocimiento obtenida en instituciones educativas debidamente reconocidas.
B21: TOTAL | C21: =SUM(C17:C20) -> 4 | I21: =SUM(I17:I20) -> 158750000 | N21: =SUM(#REF!) -> #REF! | T21: =SUM(#REF!) -> #REF!
A26: FERNANDO ALFONSO ESCOBAR QUIRA | E26: HAROL ARMANDO ROSERO SALAZAR | J26: Mirtha Gilma Espinosa Urbano
A27: C.C. 10.530.994 | E27: C.C. 76.320.134 | J27: C.C. 27.450.864
A28: Subdirector | E28: Coordinador Académico | J28: Coordinadora Formación Profesional

Sheet INVESTIG
A1: 3700000 | B1: =3650000*1.03 -> 3759500
A4: ANEXO 2
A5: PLAN DE CONTRATACIÓN DE INSTRUCTORES AÑO 2019 PROGRAMACION REGULAR - FORMACION TITULADA RED DE SALUD Y SERVICIOS PERSONALES
A7: Regional: CAUCA | I7: CDP No.
A8: Centro: COMERCIO Y SERVICIOS | I8: Rubro: | J8: 930715-C-3603-1300-14-0-3603025-10-02-10
A9: Periodo: 2019
A10: Acta No. 001 del 9 de enero de 2019
A11: Tope global programado | B11: =+I21 -> 0
A12: Menos Horas presente plan | H12: Elaborado por:
A13: Saldo | H13: Nombre: | I13: SUBDIRECTOR DE CENTRO - COORDINADOR MISIONAL - COORDINADOR ACADÉMICO
A14: % Utilizado | H14: Teléfono: | I14: 820-5903
A15: Nombre del Programa (TE-TP-TGO) | B15: Nombre de la competencia a desarrollar | C15: No. De personas a contratar | D15: No. De meses a contratar | E15: No. De días a contratar | F15: Fechas Previstas para la contratación | H15: Costo Hora o Costo Honorarios mes (Pesos) | I15: Costo Total (Pesos) | J15: OBSERVACIONES (PERFIL DEL INSTRUCTOR) | N15: No. De personas a contratar | O15: No. De meses a contratar | P15: No. De días a contratar | Q15: Fechas Previstas para la contratación | S15: Costo Hora o Costo Honorarios mes (Pesos) | T15: Costo Total (Pesos)
F16: Inicio (D-M-A) | G16: Terminación (D-M-A) | Q16: Inicio (D-M-A) | R16: Terminación (D-M-A)
A17: 1 | B17: 2 | C17: 3 | D17: 4 | E17: 5 | F17: 6 | H17: 7 | I17: 8 | J17: 9 | N17: 3 | O17: 4 | P17: 5 | Q17: 6 | S17: 7 | T17: 8
A18: ANIMACION DIGITAL | B18: Competencias técnicas del progama | D18: 10 | E18: 0 | F18: 43497 | G18: 43708 | H18: =$A$1 -> 3700000 | I18: =(C18*D18*H18)+(H18/30*E18*C18) -> 0 | J18: Profesionales en diseño gráfico o sistemas o Tecnólogos en animación digital o afines, expertos en técnicas de animación digital, dominio de los diversos software de animación,preferiblemente con Certificación Internacional en Desarrollo de Productos de Animación sobre Plataformas Adobe o AutoDesk. Mínimo 18 meses de experiencia profesional en el área y 6 meses de experiencia docente. 50% de dedicación a INVESTIGACIÓN
A19: DESARROLLO DE SOFTWARE O PROGRAMACION. | B19: Competencias técnicas del progama | D19: 10 | E19: 0 | F19: 43497 | G19: 43708 | H19: =$A$1 -> 3700000 | I19: =(C19*D19*H19)+(H19/30*E19*C19) -> 0 | J19: El programa requiere de un equipo de instructores con Título de Tecnólogo o Cuatro (4) años de Estudios Universitarios, relacionados con la especialidad objeto de formación, preferiblemente con Certificación Internacional en Desarrollo de Soluciones de Software ya sea en Tecnologías Sun Microsystems (Java o MySQL), Microsoft (Visual Studio o SQL Server) u Oracle (Administración o Desarrollo sobre PL/SQL). Veinticuatro (24) meses de Experiencia: de los cuales Dieciocho (18) meses estarán relacionados con el ejercicio de la profesión u oficio objeto de la formación profesional y Seis (6) meses en labores de docencia. 50% de dedicación a INVESTIGACIÓN
A20: SALUD | B20: Competencias técnicas del progama | D20: 10 | E20: 0 | F20: 43497 | G20: 43708 | H20: =$A$1 -> 3700000 | I20: =(C20*D20*H20)+(H20/30*E20*C20) -> 0 | J20: Profesionales en enfermería con formación específica en PAI, mínimo 12 meses de experiencia en su desempeño profesional. mínimo 24 meses de vinculación laboral en el desempeño de funciones relacionadas con los procesos comunitarios. mínimo 12 meses de experiencia en formación y/o educación. 50% de dedicación a INVESTIGACIÓN
B21: TOTAL | C21: =SUM(C18:C20) -> 0 | I21: =SUM(I18:I20) -> 0 | N21: =SUM(N18:N18) -> 0 | T21: =SUM(T18:T18) -> 0
A28: FERNANDO ALFONSO ESCOBAR QUIRA | E28: HAROL ARMANDO ROSERO SALAZAR | J28: MIRTHA GILMA ESPINOSA
A29: C.C. | E29: C.C. 76320134 | J29: C.C.
A30: Subdirector | E30: Coordinador Académico | J30: Coordinadora Formación Profesional
L31: REVISTA INDEXADA 1 AÑO
L32: Q1
L33: Anexo 2 de colciencias. | N33: A, B, C

Sheet ARTIC
A2: ANEXO 2
A3: PLAN DE CONTRATACIÓN DE INSTRUCTORES AÑO 2021 PROGRAMA DE ARTICULACIÓN
A5: Regional: CAUCA | I5: CDP No.
A6: Centro: COMERCIO Y SERVICIOS | I6: RUBRO
A7: Periodo: 2021
A8: Acta No.
A9: Tope global programado | B9: =I23 -> 485088345
A10: Menos Horas presente plan | H10: Elaborado por:
A11: Saldo | H11: Nombre: | I11: SUBDIRECTOR DE CENTRO - COORDINADOR MISIONAL - COORDINADOR ACADÉMICO
A12: % Utilizado | H12: Teléfono: | I12: 820-5903
A13: Nombre del Programa (TE-TP-TGO) | B13: Nombre de la competencia a desarrollar | C13: No. De personas a contratar | D13: No. De meses a contratar | E13: No. De días a contratar | F13: Fechas Previstas para la contratación | H13: Costo Hora o Costo Honorarios mes (Pesos) | I13: Costo Total (Pesos) | J13: OBSERVACIONES (PERFIL DEL INSTRUCTOR) | K13: 1er Pago | L13: Último Pago
F14: Inicio (D-M-A) | G14: Terminación (D-M-A) | K14: Días | L14: Días
A15: 1 | B15: 2 | C15: 3 | D15: 4 | E15: 5 | F15: 6 | H15: 7 | I15: 8 | J15: 9 | K15: 5 | L15: 15
A16: ASISTENCIA EN ORGANIZACION DE ARCHIVOS | B16: Según el diseño curricular del programa | C16: 1 | D16: 10 | E16: 15 | F16: 25/01/2021 | G16: 44540 | H16: 3849000 | I16: =(((H16/30)*E16)+(H16*D16))*C16 -> 40414500 | J16: REQUISITOS ACADÉMICOS: PREFERIBLEMENTE: PROFESIONAL EN CIENCIAS DE LA INFORMACIÓN DE LA COMUNICACIÓN O ARCHIVISTICA; Tarjeta profesional. OPCIONAL: EGRASADO SENA CON TUITULO DE TECNOLOGO EN GESTION DOCUMENTAL O TECNICO PROFESIONAL EN ARCHIVO; Tarjeta profesional. EXPERIENCIA RELACIONADA: DIECIOCHO (18) MESES ESTARAN ESTARAN RELACIONADOS CON EL EJERCICIO DE EMPLEOS, ACTIVIDADES U OFICIOS AFINES CON SU PROFESIÓN OBJETO DE LA CONTRATACIÓN. EXPERIENCIA DOCENTE: SEIS (6) MESES EN EL EJERCICIO DE LAS ACTIVIDADES DE DIVULGACION DEL CONOCIMIENTO OBTENIDA EN INSTITUCIONES EDUCATIVAS DEBIDAMENTE RECONOCIDAS. | K16: =(H16/30)*K15 -> 641500 | L16: =(I16/30)*L15 -> 20207250
A17: TCO EN ASISTENCIA ADMINISTRATIVA | B17: Según el diseño curricular del programa | C17: 2 | D17: 10 | E17: 15 | F17: 25/01/2021 | G17: 44540 | H17: 3849990 | I17: =(C17*D17*H17)+(H17/30*E17*C17) -> 80849790 | J17: REQUISITOS ACADÉMICOS: - PROFESIONAL EN CIENCIAS ECONÓMICAS O AFINES - PROFESIONAL EN ADMINISTRACIÓN DE EMPRESAS O AFINES - PROFESIONAL EN MERCADEO O AFINES - PROFESIONAL EN INGENIERÍA INDUSTRIAL O AFINES EXPERIENCIA RELACIONADA: DOCE (12) MESES ESTARAN ESTARAN RELACIONADOS CON EL EJERCICIO DE EMPLEOS, ACTIVIDADES U OFICIOS AFINES CON SU PROFESIÓN OBJETO DE LA CONTRATACIÓN. EXPERICNCIA DOCENTE: DOCE (12) MESES EN EL EJERCICIO DE LAS ACTIVIDADES DE DIVULGACION DEL CONOCIMIENTO OBTENIDA EN INSTITUCIONES EDUCATIVAS DEBIDAMENTE RECONOCIDAS.
A18: TCO COCINA | B18: Según el diseño curricular del programa | C18: 1 | D18: 10 | E18: 15 | F18: 25/01/2021 | G18: 44540 | H18: 3849990 | I18: =(C18*D18*H18)+(H18/30*E18*C18) -> 40424895 | J18: REQUISITOS ACADÉMICOS: PREFERIBLEMENTE: PROFESIONAL EN LAS ÁREAS DE GASTRONOMÍA, COCINA, ALTA COCINA, CULINARIA O GESTIÓN HOTELERA. OPCIONAL: TECNÓLOGO Y/ TÉCNICO EN LAS ÁREAS DE COCINA, GASTRONOMÍA, CULINARIA, GESTIÓN HOTELERA O GESTIÓN DE ALIMENTOS Y BEBIDAS. EXPERIENCIA RELACIONADA: DIECIOCHO (18) MESES ESTARÁN RELACIONADOS CON EL EJERCICIO DE EMPLEOS, ACTIVIDADES U OFICIOS AFINES CON SU PROFESIÓN OBJETO DE LA CONTRATACIÓN. EXPERIENCIA DOCENTE: SEIS (6) MESES EN EL EJERCICIO DE LAS ACTIVIDADES DE DIVULGACIÓN DEL CONOCIMIENTO OBTENIDA EN INSTITUCIONES EDUCATIVAS DEBIDAMENTE RECONOCIDAS.
A19: TCO SISTEMAS | B19: Según el diseño curricular del programa | C19: 3 | D19: 10 | E19: 15 | F19: 25/01/2021 | G19: 44540 | H19: 3849990 | I19: =(C19*D19*H19)+(H19/30*E19*C19) -> 121274685 | J19: REQUISITO ACADÉMICOS: TÍTULO DE TECNÓLOGO O PROFESIONAL EN SISTEMAS, ELECTRÓNICA O PROFESIONES RELACIONADAS CON LA ESPECIALIDAD OBJETO DE FORMACIÓN. EXPERIENCIA LABORAL: DOCE (12) MESES ESTARÁN RELACIONADOS CON EL EJERCICIO DE LA PROFESIÓN U OFICIO OBJETO DE LA FORMACIÓN PROFESIONAL EXPERICNCIA DOCENTE: DOCE (12) MESES EN EL EJERCICIO DE LAS ACTIVIDADES DE DIVULGACION DEL CONOCIMIENTO OBTENIDA EN INSTITUCIONES EDUCATIVAS DEBIDAMENTE RECONOCIDAS.
A20: TCO ANIMACION TURISTICA | B20: Según el diseño curricular del programa | C20: 1 | D20: 10 | E20: 15 | F20: 25/01/2021 | G20: 44540 | H20: 3849990 | I20: =(C20*D20*H20)+(H20/30*E20*C20) -> 40424895 | J20: REQUISITOS ACADÉMICOS: TECNÓLOGO O PROFESIONAL EN ADMINISTRACIÓN TURÍSTICA Y/O HOTELERA Y PROFESIONAL EN ADMINISTRACIÓN DE EMPRESAS. EXPERIENCIA LABORAL: 2 AÑOS DE EXPERIENCIA EN EL ÁREA DE ATENCIÓN Y SERVICIO AL CLIENTE EN EMPRESAS RELACIONADAS CON EL SECTOR TURÍSTICO. Y EXPERIENCIA DOCENTE: SEIS (6) MESES EN EL EJERCICIO DE LAS ACTIVIDADES DE DIVULGACIÓN DEL CONOCIMIENTO OBTENIDA EN INSTITUCIONES EDUCATIVAS DEBIDAMENTE RECONOCIDAS.
A21: SEGUIMIENTO | B21: Según el diseño curricular del programa | C21: 2 | D21: 10 | E21: 15 | F21: 25/01/2021 | G21: 44540 | H21: 3849990 | I21: =(C21*D21*H21)+(H21/30*E21*C21) -> 80849790 | J21: REQUISITOS ACADÉMICOS: ALTERNATIVA 1: TÍTULO PROFESIONAL UNIVERSITARIO EN DISCIPLINA ACADÉMICA DEL NÚCLEO BÁSICO DE CONOCIMIENTO EN: - ADMINISTRACIÓN DE EMPRESAS. - COMUNICACIÓN SOCIAL. - MERCADEO Y PUBLICIDAD. - INGENIEROS. ALTERNATIVA 2: TECNÓLOGO O CUATRO AÑOS DE FORMACIÓN UNIVERSITARIA ASOCIADA A LOS PROGRAMAS DE FORMACIÓN PROFESIONAL QUE IMPARTIRÁ EN SU DESEMPEÑO Y DE ACUERDO AL NÚCLEO BÁSICO DE CONOCIMIENTO DEFINIDO PARA EL ÁREA TEMÁTICA: - TECNÓLOGO EN GESTIÓN EMPRESARIAL, TECNÓLOGO EN GESTIÓN BANCARIA Y DE ENTIDADES FINANCIERAS, TECNÓLOGO EN GESTIÓN INTEGRAL DEL RIESGO EN SEGUROS, TECNÓLOGO EN GESTIÓN INTEGRAL EN FONDOS DE PENSIONES Y CESANTÍAS, TECNÓLOGO EN GESTIÓN DE NEGOCIOS, TECNÓLOGO EN GESTIÓN DE NEGOCIOS FIDUCIARIOS, TECNÓLOGO EN GESTIÓN FINANCIERA Y DE TESORERÍA EXPERIENCIA LABORAL ALTERNATIVA 1: VEINTICUATRO (24) MESES DE EXPERIENCIA: DE LOS CUALES DIECIOCHO (18) MESES ESTARÁN RELACIONADOS CON EL EJERCICIO DE LA PROFESIÓN U OFICIO OBJETO DE LA FORMACIÓN PROFESIONAL. EXPERIENCIA DOCENTE:SEIS (6) MESES EN EL EJERCICIO DE LAS ACTIVIDADES DE DIVULGACIÓN DEL CONOCIMIENTO OBTENIDA EN INSTITUCIONES EDUCATIVAS DEBIDAMENTE RECONOCIDAS. ALTERNATIVA 2: TREINTA Y SEIS (36) MESES DE EXPERIENCIA: DE LOS CUALES VEINTICUATRO (24) MESES ESTARÁN RELACIONADOS CON EL EJERCICIO DE LA PROFESIÓN U OFICIO OBJETO DE LA FORMACIÓN PROFESIONAL. EXPERIENCIA DOCENTE:DOCE (12) MESES EN EL EJERCICIO DE LAS ACTIVIDADES DE DIVULGACIÓN DEL CONOCIMIENTO OBTENIDA EN INSTITUCIONES EDUCATIVAS DEBIDAMENTE RECONOCIDAS. | L21: CONTABILIZACIÓN
A22: CONTABILIZACION DE OPERACIONES COMERCIALES Y FINANCIERAS | B22: Según el diseño curricular del programa | C22: 2 | D22: 10 | E22: 15 | F22: 25/01/2021 | G22: 44540 | H22: 3849990 | I22: =(C22*D22*H22)+(H22/30*E22*C22) -> 80849790 | J22: REQUISITOS ACADÉMICOS: PROFESIONAL EN CIENCIAS ECONÓMICAS O AFINES PROFESIONAL EN ADMINISTRACIÓN DE EMPRESAS O AFINES PROFESIONAL EN MERCADEO O AFINES PROFESIONAL EN INGENIERÍA INDUSTRIAL O AFINES EXPERIENCIA LABORAL: VEINTICUATRO (24) MESES DE EXPERIENCIA: DE LOS CUALES DOCE (12) MESES ESTARÁN RELACIONADOS CON EL EJERCICIO DE LA PROFESIÓN U OFICIO OBJETO DE LA FORMACIÓN PROFESIONAL. EXPERIENCIA DOCENTE: SEIS (6) MESES EN EL EJERCICIO DE LAS ACTIVIDADES DE DIVULGACIÓN DEL CONOCIMIENTO OBTENIDA EN INSTITUCIONES EDUCATIVAS DEBIDAMENTE RECONOCIDAS.
B23: TOTAL | C23: =SUM(C16:C22) -> 12 | I23: =SUM(I16:I22) -> 485088345
A28: Fernando Alfonso Escobar Quirá | E28: Ana Alexandra Rodríguez Vargas | J28: Mirtha Gilma Espinosa Urbano
A29: C.C. 10.530.994 | E29: C.C. 25.283.835 | J29: C.C. 27.450.864
A30: Subdirector (E ) | E30: Coordinadora Académica Programas Especiales | J30: Coordinadora Formación Profesional

Sheet COMP-VIRT
A2: ANEXO 2
A3: PLAN DE CONTRATACIÓN DE INSTRUCTORES AÑO 2021 FORMACIÓN VIRTUAL COMPLEMENTARIA
A5: Regional: CAUCA | I5: CDP No.
A6: Centro: COMERCIO Y SERVICIOS | I6: RUBRO
A7: Periodo: 2021
A8: Acta No.
A9: Tope global programado | B9: =I22 -> 294300000
A10: Menos Horas presente plan | H10: Elaborado por:
A11: Saldo | H11: Nombre: | I11: SUBDIRECTOR DE CENTRO - COORDINADOR MISIONAL - COORDINADOR ACADÉMICO
A12: % Utilizado | H12: Teléfono: | I12: 820-5903
A13: Nombre del Programa (TE-TP-TGO) | B13: Nombre de la competencia a desarrollar | C13: No. De personas a contratar | D13: No. De meses a contratar | E13: No. De días a contratar | F13: Fechas Previstas para la contratación | H13: Costo Hora o Costo Honorarios mes (Pesos) | I13: Costo Total (Pesos) | J13: OBSERVACIONES (PERFIL DEL INSTRUCTOR) | K13: 1er Pago | L13: Último Pago
F14: Inicio (D-M-A) | G14: Terminación (D-M-A) | K14: Días | L14: Días
A15: 1 | B15: 2 | C15: 3 | D15: 4 | E15: 5 | F15: 6 | H15: 7 | I15: 8 | J15: 9 | K15: 5 | L15: 15
A16: Área de: Inglés y Frances | B16: Según el diseño curricular del programa Circular 237 de 2017 | C16: 4 | D16: 10 | E16: 0 | F16: 44228 | G16: 30/11/2021 | H16: 3270000 | I16: =(C16*D16*H16)+(H16/30*E16*C16) -> 130800000 | J16: REQUISITOS ACADÉMICOS: PROFESIONAL EN CUALQUIER ÁREA DE CONOCIMIENTO, CON NIVEL MÍNIMO B2 DE ACUERDO CON EL MCER. LOS EXAMENES ADMITIDOS DEBEN CORRESPONDER A LA LISTA DE EXAMENES APROBADOS POR LA NTC 5580 (ICONTEC -MEN) TENER UNA VIGENCIA DE DOS AÑOS, CORRESPONDER A CUATRO HABILIDADES DE DOMINIO DE LA LENGUA (COMPRENSIÓN ORAL, COMPRENSIÓN ESCRITA, PRODUCCIÓN ORAL, PRODUCCIÓN ESCRITA). EXPERIENCIA LABORAL: 24 (VEINTICUATRO) MESES RELACIONADOS CON LA DOCENCIA DE LENGUA EXTRANJERA. | K16: =H16/30*K15 -> 545000 | L16: =I16/30*L15 -> 65400000
A17: En el área de Mercadeo y Logistica | B17: Según el diseño curricular del programa | C17: 1 | D17: 10 | E17: 0 | F17: 44228 | G17: 30/11/2021 | H17: 3270000 | I17: =(C17*D17*H17)+(H17/30*E17*C17) -> 32700000 | J17: REQUISITOS ACADÉMICOS: PROFESIONAL EN LAS ÁREAS ADMINISTRATIVAS, ECONÓMICAS O DE MERCADEO EXPERIENCIA RELACIONADA: DOCE (12) MESES ESTARAN RELACIONADOS CON EL EJERCICIO DE EMPLEOS, ACTIVIDADES U OFICIOS AFINES CON SU PROFESIÓN OBJETO DE LA CONTRATACIÓN. EXPERICNCIA DOCENTE: SEIS (6) MESES EN EL EJERCICIO DE LAS ACTIVIDADES DE DIVULGACION DEL CONOCIMIENTO OBTENIDA EN INSTITUCIONES EDUCATIVAS DEBIDAMENTE RECONOCIDAS.
A18: En el área Contabilidad y Finanzas | B18: Según el diseño curricular del programa | C18: 1 | D18: 10 | E18: 0 | F18: 44228 | G18: 30/11/2021 | H18: 3270000 | I18: =(C18*D18*H18)+(H18/30*E18*C18) -> 32700000 | J18: REQUISITOS ACADÉMICOS: PROFESIONAL EN CONTADURÍA PÚBLICA O ADMINISTRACIÓN FINANCIERA. EXPERIENCIA RELACIONADA: DOCE (12) MESES ESTARAN RELACIONADOS CON EL EJERCICIO DE EMPLEOS, ACTIVIDADES U OFICIOS AFINES CON SU PROFESIÓN OBJETO DE LA CONTRATACIÓN. EXPERICNCIA DOCENTE: SEIS (6) MESES EN EL EJERCICIO DE LAS ACTIVIDADES DE DIVULGACION DEL CONOCIMIENTO OBTENIDA EN INSTITUCIONES EDUCATIVAS DEBIDAMENTE RECONOCIDAS Y SEIS (6) MESES EN EL ÁREA VIRTUAL.
A19: En el área SALUD | B19: Según el diseño curricular del programa | C19: 1 | D19: 10 | E19: 0 | F19: 44228 | G19: 30/11/2021 | H19: 3270000 | I19: =(C19*D19*H19)+(H19/30*E19*C19) -> 32700000 | J19: REQUISITOS ACADÉMICOS: PROFESIONAL O TECNÓLOGO DEL ÁREA DE LA SALUD CON EXPERIENCIA EN ATENCIÓN DE PERSONAS EN EL AMBIENTE PREHOSPITALARIO. EXPERIENCIA RELACIONADA: DIECIOCHO (18) MESES ESTARAN RELACIONADOS CON EL EJERCICIO DE EMPLEOS, ACTIVIDADES U OFICIOS AFINES CON LA ATENCIÓN DE PERSONAS LESIONADAS. EXPERICNCIA DOCENTE: DOCE (12) MESES EN EL EJERCICIO DE LAS ACTIVIDADES DE DIVULGACION DEL CONOCIMIENTO OBTENIDA EN INSTITUCIONES EDUCATIVAS DEBIDAMENTE RECONOCIDAS Y SEIS (6) MESES EN EL ÁREA VIRTUAL.
A20: Area de gestión documental | B20: Según el diseño curricular del programa | C20: 1 | D20: 10 | E20: 0 | F20: 44228 | G20: 30/11/2021 | H20: 3270000 | I20: =(C20*D20*H20)+(H20/30*E20*C20) -> 32700000 | J20: REQUISITOS ACADÉMICOS: PREFERIBLEMENTE: PROFESIONAL EN CIENCIAS DE LA INFORMACIÓN DE LA COMUNICACIÓN O ARCHIVISTICA; Tarjeta profesional. OPCIONAL: EGRASADO SENA CON TUITULO DE TECNOLOGO EN GESTION DOCUMENTAL O TECNICO PROFESIONAL EN ARCHIVO; Tarjeta profesional. EXPERIENCIA RELACIONADA: DIECIOCHO (18) MESES ESTARAN RELACIONADOS CON EL EJERCICIO DE EMPLEOS, ACTIVIDADES U OFICIOS AFINES CON SU PROFESIÓN OBJETO DE LA CONTRATACIÓN. EXPERICNCIA DOCENTE: SEIS (6) MESES EN EL EJERCICIO DE LAS ACTIVIDADES DE DIVULGACION DEL CONOCIMIENTO OBTENIDA EN INSTITUCIONES EDUCATIVAS DEBIDAMENTE RECONOCIDAS.
A21: Convenio DPS | B21: Según el diseño curricular del programa | C21: 1 | D21: 10 | E21: 0 | F21: 44228 | G21: 30/11/2021 | H21: 3270000 | I21: =(C21*D21*H21)+(H21/30*E21*C21) -> 32700000 | J21: REQUISITOS ACADÉMICOS: PROFESIONAL EN EL ÁREA DE HUMANIDADES, PREFERIBLEMENTE PSICOLOGÍA, SOCIOLOGÍA, TRABAJO SOCIAL, O ÁREAS AFINES, CON FORMACIÓN COMO TUTOR EXPERIENCIA RELACIONADA: DIECIOCHO (18) MESES ESTARAN RELACIONADOS CON EL EJERCICIO DE EMPLEOS, ACTIVIDADES U OFICIOS AFINES CON SU PROFESIÓN OBJETO DE LA CONTRATACIÓN. EXPERICNCIA DOCENTE: SEIS (6) MESES EN EL EJERCICIO DE LAS ACTIVIDADES DE DIVULGACION DEL CONOCIMIENTO OBTENIDA EN INSTITUCIONES EDUCATIVAS DEBIDAMENTE RECONOCIDAS Y SEIS (6) MESES EN AL ÁREA VIRTUAL.
B22: TOTAL | C22: =SUM(C16:C21) -> 9 | I22: =SUM(I16:I21) -> 294300000
A28: Fernando Alfonso Escobar Quirá | E28: Ana Alexandra Rodríguez Vargas | J28: Mirtha Gilma Espinosa Urbano
A29: C.C. 10.530.994 | E29: C.C. 25.283.835 | J29: C.C. 27.450.864
A30: Subdirector (E ) | E30: Coordinadora Académica Programas Especiales | J30: Coordinadora Formación Profesional

Sheet COMP
A2: ANEXO 2
A3: PLAN DE CONTRATACIÓN DE INSTRUCTORES AÑO 2021 PROGRAMA DE COMPLEMENTARIA REGULAR
A5: Regional: CAUCA | I5: CDP No.
A6: Centro: COMERCIO Y SERVICIOS | I6: RUBRO
A7: Periodo: 2021
A8: Acta No.
A9: Tope global programado | B9: =I24 -> 405626400
A10: Menos Horas presente plan | H10: Elaborado por:
A11: Saldo | H11: Nombre: | I11: SUBDIRECTOR DE CENTRO - COORDINADOR MISIONAL - COORDINADOR ACADÉMICO
A12: % Utilizado | H12: Teléfono: | I12: 820-5903
A13: Nombre del Programa (TE-TP-TGO) | B13: Nombre de la competencia a desarrollar | C13: No. De personas a contratar | D13: No. De meses a contratar | E13: No. De días a contratar | F13: Fechas Previstas para la contratación | H13: Costo Hora o Costo Honorarios mes (Pesos) | I13: Costo Total (Pesos) | J13: OBSERVACIONES (PERFIL DEL INSTRUCTOR) | K13: 1er Pago | L13: Último Pago | N13: Valor de un Técnico:
F14: Inicio (D-M-A) | G14: Terminación (D-M-A) | K14: Días | L14: Días | N14: 2958000
A15: 1 | B15: 2 | C15: 3 | D15: 4 | E15: 5 | F15: 6 | H15: 7 | I15: 8 | J15: 9 | K15: 1 | L15: 15 | N15: 1
A16: En el área sistemas TIC - Herramientas Ofimáticas. | B16: Según el diseño curricular del programa | C16: 3 | D16: 10 | E16: 15 | F16: 44228 | G16: 15/12/2021 | H16: 3038400 | I16: =(C16*D16*H16)+(H16/30*E16*C16) -> 95709600 | J16: REQUISITO ACADÉMICOS: TÍTULO DE TECNÓLOGO O PROFESIONAL EN SISTEMAS, ELECTRÓNICA O PROFESIONES RELACIONADAS CON LA ESPECIALIDAD OBJETO DE FORMACIÓN. EXPERIENCIA LABORAL: DIECIOCHO (18) MESES ESTARAN RELACIONADOS CON EL EJERCICIO DE EMPLEOS, ACTIVIDADES U OFICIOS AFINES CON SU PROFESIÓN OBJETO DE LA CONTRATACIÓN.. EXPERICNCIA DOCENTE: SEIS (6) MESES EN EL EJERCICIO DE LAS ACTIVIDADES DE DIVULGACION DEL CONOCIMIENTO OBTENIDA EN INSTITUCIONES EDUCATIVAS DEBIDAMENTE RECONOCIDAS. | K16: =H16/30*K15 -> 101280 | L16: =I16/30*L15 -> 47854800 | N16: =N14/30*N15 -> 98600
A17: En el área APH, Primeros auxilios, Bioseguridad. | B17: Según el diseño curricular del programa | C17: 1 | D17: 10 | E17: 15 | F17: 44228 | G17: 15/12/2021 | H17: 3038400 | I17: =(C17*D17*H17)+(H17/30*E17*C17) -> 31903200 | J17: REQUISITO ACADÉMICOS: PROFESIONAL O TECNÓLOGO DEL ÁREA DE LA SALUD CON EXPERIENCIA EN ATENCIÓN DE PERSONAS EN EL AMBIENTE PREHOSPITALARIO. EXPERIENCIA LABORAL: VEINTICUATRO (24) MESES ESTARAN RELACIONADOS CON EL EJERCICIO DE EMPLEOS, ACTIVIDADES U OFICIOS AFINES CONLA ATENCIÓN DE PERSONAS LESIONADAS. EXPERICNCIA DOCENTE: SEIS (6) MESES EN EL EJERCICIO DE LAS ACTIVIDADES DE DIVULGACION DEL CONOCIMIENTO OBTENIDA EN INSTITUCIONES EDUCATIVAS DEBIDAMENTE RECONOCIDAS.
A18: En el área Gastronomía | B18: Según el diseño curricular del programa | C18: 2 | D18: 9 | E18: 15 | F18: 44256 | G18: 15/12/2021 | H18: 3038400 | I18: =(C18*D18*H18)+(H18/30*E18*C18) -> 57729600 | J18: REQUISITOS ACADÉMICOS: PREFERIBLEMENTE: PROFESIONAL EN LAS ÁREAS DE GASTRONOMÍA, COCINA, ALTA COCINA, CULINARIA O GESTIÓN HOTELERA. OPCIONAL: TECNÓLOGO Y/ TÉCNICO EN LAS ÁREAS DE COCINA, GASTRONOMÍA, CULINARIA, GESTIÓN HOTELERA O GESTIÓN DE ALIMENTOS Y BEBIDAS. EXPERIENCIA RELACIONADA: DIECIOCHO (18) MESES ESTARÁN RELACIONADOS CON EL EJERCICIO DE EMPLEOS, ACTIVIDADES U OFICIOS AFINES CON SU PROFESIÓN OBJETO DE LA CONTRATACIÓN. EXPERIENCIA DOCENTE: SEIS (6) MESES EN EL EJERCICIO DE LAS ACTIVIDADES DE DIVULGACIÓN DEL CONOCIMIENTO OBTENIDA EN INSTITUCIONES EDUCATIVAS DEBIDAMENTE RECONOCIDAS.
A19: En el área de Artesanías, Adornos y manualidades. Artesanías en madera | B19: Según el diseño curricular del programa | C19: 2 | D19: 10 | E19: 15 | F19: 44228 | G19: 15/12/2021 | H19: 3038400 | I19: =(C19*D19*H19)+(H19/30*E19*C19) -> 63806400 | J19: REQUISITO ACADÉMICOS: ARTESANO, TÉCNICO O PROFESIONAL CON EXPERIENCIA EN EL SECTOR ARTESANAL Y CON CERTIFICACIONES ACADÉMICAS EN EL ÁREA OBJETO DEL PROGRAMA DE FORMACIÓN (OBJETOS ARTESANALES Y DECORATIVOS, BISUTERIA Y MANUALIDADES, TEJIDOS). EXPERIENCIA RELACIONADA: DOCE (12) MESES ESTARÁN RELACIONADOS CON EL EJERCICIO DE EMPLEOS, ACTIVIDADES U OFICIOS AFINES CON SU PROFESIÓN OBJETO DE LA CONTRATACIÓN. EXPERIENCIA DOCENTE: SEIS (6) MESES EN EL EJERCICIO DE LAS ACTIVIDADES DE DIVULGACIÓN DEL CONOCIMIENTO OBTENIDA EN INSTITUCIONES EDUCATIVAS DEBIDAMENTE RECONOCIDAS.
A20: En el área de Comercio y Ventas | B20: Según el diseño curricular del programa | C20: 1 | D20: 10 | E20: 15 | F20: 44228 | G20: 15/12/2021 | H20: 3038400 | I20: =(C20*D20*H20)+(H20/30*E20*C20) -> 31903200 | J20: REQUISITOS ACADÉMICOS: PROFESIONAL EN LAS ÁREAS ADMINISTRATIVAS, ECONÓMICAS O DE MERCADEO EXPERIENCIA RELACIONADA: DIECIOCHO (18) MESES ESTARÁN RELACIONADOS CON EL EJERCICIO DE EMPLEOS, ACTIVIDADES U OFICIOS AFINES CON SU PROFESIÓN OBJETO DE LA CONTRATACIÓN. EXPERIENCIA DOCENTE: SEIS (6) MESES EN EL EJERCICIO DE LAS ACTIVIDADES DE DIVULGACIÓN DEL CONOCIMIENTO OBTENIDA EN INSTITUCIONES EDUCATIVAS DEBIDAMENTE RECONOCIDAS.
A21: En el área de Transporte | B21: Según el diseño curricular del programa | C21: 1 | D21: 10 | E21: 15 | F21: 44228 | G21: 15/12/2021 | H21: 3038400 | I21: =(C21*D21*H21)+(H21/30*E21*C21) -> 31903200 | J21: OPCIÓN UNO. REQUISITOS ACADÉMICOS: PROFESIONAL EN DERECHO, INVESTIGACIÓN JUDICIAL. EXPERIENCIA RELACIONADA: DOCE (12) MESES ESTARÁN RELACIONADOS CON EL EJERCICIO DE EMPLEOS, ACTIVIDADES U OFICIOS AFINES CON SU PROFESIÓN OBJETO DE LA CONTRATACIÓN. EXPERIENCIA DOCENTE: SEIS (6) MESES EN EL EJERCICIO DE LAS ACTIVIDADES DE DIVULGACIÓN DEL CONOCIMIENTO OBTENIDA EN INSTITUCIONES EDUCATIVAS DEBIDAMENTE RECONOCIDAS. OPCIÓN DOS: REQUISITOS ACADÉMICOS: TECNÓLOGO EN INVESTIGACIÓN JUDICIAL Y/O CRIMINALÍSTICA O AFINES O CUATRO (4) AÑOS ESTUDIOS UNIVERSITARIOS EN DERECHO, INVESTIGACIÓN JUDICIAL O CUATRO (4) AÑOS ESTUDIOS UNIVERSITARIOS EN INGENIERÍA DE TRANSPORTE, INDUSTRIAL, MECÁNICA, ADMINISTRACIÓN DE EMPRESAS. EXPERIENCIA RELACIONADA: DOCE (12) MESES ESTARÁN RELACIONADOS CON EL EJERCICIO DE EMPLEOS, ACTIVIDADES U OFICIOS AFINES CON SU PROFESIÓN OBJETO DE LA CONTRATACIÓN. EXPERIENCIA DOCENTE: SEIS (6) MESES EN EL EJERCICIO DE LAS ACTIVIDADES DE DIVULGACIÓN DEL CONOCIMIENTO OBTENIDA EN INSTITUCIONES EDUCATIVAS DEBIDAMENTE RECONOCIDAS.
A22: En el área de Panaderia y Pasteleria | B22: Según el diseño curricular del programa | C22: 1 | D22: 9 | E22: 15 | F22: 44256 | G22: 15/12/2021 | H22: 3038400 | I22: =(C22*D22*H22)+(H22/30*E22*C22) -> 28864800 | J22: REQUISITOS ACADÉMICOS: INGENIERO DE ALIMENTOS, PROFESIONAL EN CULINARIA Y GASTRONOMÍA, TECNÓLOGO EN ALIMENTOS O ÁREAS AFINES EXPERIENCIA RELACIONADA: DOCE (12) MESES ESTARÁN RELACIONADOS CON EL EJERCICIO DE EMPLEOS, ACTIVIDADES U OFICIOS AFINES CON SU PROFESIÓN OBJETO DE LA CONTRATACIÓN. EXPERIENCIA DOCENTE: SEIS (6) MESES EN EL EJERCICIO DE LAS ACTIVIDADES DE DIVULGACIÓN DEL CONOCIMIENTO OBTENIDA EN INSTITUCIONES EDUCATIVAS DEBIDAMENTE RECONOCIDAS.
A23: En el área de Ingles | B23: Según el diseño curricular del programa Circular 237 de 2017 | C23: 2 | D23: 10 | E23: 15 | F23: 44228 | G23: 15/12/2021 | H23: 3038400 | I23: =(C23*D23*H23)+(H23/30*E23*C23) -> 63806400 | J23: REQUISITOS ACADÉMICOS: PROFESIONAL EN CUALQUIER ÁREA DE CONOCIMIENTO, CON NIVEL MÍNIMO B2 DE ACUERDO CON EL MCER. LOS EXAMENES ADMITIDOS DEBEN CORRESPONDER A LA LISTA DE EXAMENES APROBADOS POR LA NTC 5580 (ICONTEC -MEN) TENER UNA VIGENCIA DE DOS AÑOS, CORRESPONDER A CUATRO HABILIDADES DE DOMINIO DE LA LENGUA (COMPRENSIÓN ORAL, COMPRENSIÓN ESCRITA, PRODUCCIÓN ORAL, PRODUCCIÓN ESCRITA). EXPERIENCIA LABORAL: 24 (VEINTICUATRO) MESES RELACIONADOS CON LA DOCENCIA DE LENGUA EXTRANJERA.
B24: TOTAL | C24: =SUM(C16:C23) -> 13 | I24: =SUM(I16:I23) -> 405626400
A31: Fernando Alfonso Escobar Quirá | E31: Ana Alexandra Rodríguez Vargas | J31: Mirtha Gilma Espinosa Urbano
A32: C.C. 10.530.994 | E32: C.C. 25.283.835 | J32: C.C. 27.450.864
A33: Subdirector (E ) | E33: Coordinadora Académica Programas Especiales | J33: Coordinadora Formación Profesional

Sheet DESPL
A2: ANEXO 2
A3: PLAN DE CONTRATACIÓN DE INSTRUCTORES AÑO 2021 PROGRAMA DESPLAZADOS
A5: Regional: CAUCA | I5: CDP No.
A6: Centro: COMERCIO Y SERVICIOS | I6: RUBRO
A7: Periodo: 2021
A8: Acta No.
A9: Tope global programado | B9: =I21 -> 261302400
A10: Menos Horas presente plan | H10: Elaborado por:
A11: Saldo | H11: Nombre: | I11: SUBDIRECTOR DE CENTRO - COORDINADOR MISIONAL - COORDINADOR ACADÉMICO
A12: % Utilizado | H12: Teléfono: | I12: 820-5903
A13: Nombre del Programa (TE-TP-TGO) | B13: Nombre de la competencia a desarrollar | C13: No. De personas a contratar | D13: No. De meses a contratar | E13: No. De días a contratar | F13: Fechas Previstas para la contratación | H13: Costo Hora o Costo Honorarios mes (Pesos) | I13: Costo Total (Pesos) | J13: OBSERVACIONES (PERFIL DEL INSTRUCTOR) | K13: 1er Pago | L13: Último Pago
F14: Inicio (D-M-A) | G14: Terminación (D-M-A) | K14: Días | L14: Días
A15: 1 | B15: 2 | C15: 3 | D15: 4 | E15: 5 | F15: 6 | H15: 7 | I15: 8 | J15: 9 | K15: 5 | L15: 15
A16: GASTRONOMIA COCINA CALIENTE Y FRIA (1); TRANSFORMACION DE ALIMENTOS (1) | B16: Según el diseño curricular del programa | C16: 3 | D16: 6 | E16: 0 | F16: 44291 | G16: 44296 | H16: 3038400 | I16: =(C16*D16*H16)+(H16/30*E16*C16) -> 54691200 | J16: REQUISITOS ACADÉMICOS: PREFERIBLEMENTE: PROFESIONAL EN LAS ÁREAS DE GASTRONOMÍA, COCINA, ALTA COCINA, CULINARIA O GESTIÓN HOTELERA. OPCIONAL: TECNÓLOGO Y/ TÉCNICO EN LAS ÁREAS DE COCINA, GASTRONOMÍA, CULINARIA, GESTIÓN HOTELERA O GESTIÓN DE ALIMENTOS Y BEBIDAS. EXPERIENCIA RELACIONADA: DIECIOCHO (18) MESES ESTARÁN RELACIONADOS CON EL EJERCICIO DE EMPLEOS, ACTIVIDADES U OFICIOS AFINES CON SU PROFESIÓN OBJETO DE LA CONTRATACIÓN. EXPERIENCIA DOCENTE: SEIS (6) MESES EN EL EJERCICIO DE LAS ACTIVIDADES DE DIVULGACIÓN DEL CONOCIMIENTO OBTENIDA EN INSTITUCIONES EDUCATIVAS DEBIDAMENTE RECONOCIDAS. | K16: =H16/30*K15 -> 506400 | L16: =I16/30*L15 -> 27345600
A17: PANADERIA - REPOSTERIA | B17: Según el diseño curricular del programa | C17: 3 | D17: 6 | E17: 0 | F17: 44291 | G17: 44296 | H17: 3038400 | I17: =(C17*D17*H17)+(H17/30*E17*C17) -> 54691200 | J17: REQUISITOS ACADÉMICOS: PREFERIBLEMENTE: INGENIERO DE ALIMENTOS, PROFESIONAL EN GASTRONOMÍA O ÁREAS AFINES. OPCIONAL:TÉCNICO EN PANIFICACIÓN, COCINA O AFINES. EXPERIENCIA RELACIONADA: DIECIOCHO (18) MESES ESTARÁN RELACIONADOS CON EL EJERCICIO DE EMPLEOS, ACTIVIDADES U OFICIOS AFINES CON SU PROFESIÓN OBJETO DE LA CONTRATACIÓN. EXPERIENCIA DOCENTE: SEIS (6) MESES EN EL EJERCICIO DE LAS ACTIVIDADES DE DIVULGACIÓN DEL CONOCIMIENTO OBTENIDA EN INSTITUCIONES EDUCATIVAS DEBIDAMENTE RECONOCIDAS.
A18: ELABORACION DE PRODUCTOS DE ASEO Y COSMETICOS | B18: Según el diseño curricular del programa | C18: 2 | D18: 10 | E18: 0 | F18: 15/02/2021 | G18: 14/12/2021 | H18: 3038400 | I18: =(C18*D18*H18)+(H18/30*E18*C18) -> 60768000 | J18: REQUISITO ACADÉMICOS: PROFESIONAL EN QUÍMICA CON EXPERIENCIA EN FORMACIÓN PROYECTOS. EXPERIENCIA LABORAL: 12 MESES DE EXPERIENCIA EN LA ELABORACIÓN DE PRODUCTOS Y ELEMENTOS PARA LOS PROCEDIMIENTOS DE LIMPIEZA Y DESINFECCIÓN Y EXPERIENCIA RELACIONADA: DIECIOCHO (18) MESES ESTARÁN RELACIONADOS CON EL EJERCICIO DE EMPLEOS, ACTIVIDADES U OFICIOS AFINES CON LA ELABORACIÓN DE PRODUCTOS Y ELEMENTOS PARA LOS PROCEDIMIENTOS DE LIMPIEZA Y DESINFECCIÓN. EXPERIENCIA DOCENTE: SEIS (6) MESES EN EL EJERCICIO DE LAS ACTIVIDADES DE DIVULGACIÓN DEL CONOCIMIENTO OBTENIDA EN INSTITUCIONES EDUCATIVAS DEBIDAMENTE RECONOCIDAS.
A19: ARTESANIAS , ADORNOS Y MANUALIDADES EN MADERA | B19: Según el diseño curricular del programa | C19: 2 | D19: 10 | E19: 0 | F19: 15/02/2021 | G19: 14/12/2021 | H19: 3038400 | I19: =(C19*D19*H19)+(H19/30*E19*C19) -> 60768000 | J19: REQUISITO ACADÉMICOS: ARTESANO, TÉCNICO O PROFESIONAL CON EXPERIENCIA EN EL SECTOR ARTESANAL Y CON CERTIFICACIONES ACADÉMICAS EN EL ÁREA OBJETO DEL PROGRAMA DE FORMACIÓN (OBJETOS ARTESANALES Y DECORATIVOS, BISUTERIA Y MANUALIDADES, TEJIDOS). EXPERIENCIA RELACIONADA: DIECIOCHO (18) MESES ESTARÁN RELACIONADOS CON EL EJERCICIO DE EMPLEOS, ACTIVIDADES U OFICIOS AFINES CON SU PROFESIÓN OBJETO DE LA CONTRATACIÓN. EXPERIENCIA DOCENTE: SEIS (6) MESES EN EL EJERCICIO DE LAS ACTIVIDADES DE DIVULGACIÓN DEL CONOCIMIENTO OBTENIDA EN INSTITUCIONES EDUCATIVAS DEBIDAMENTE RECONOCIDAS.
A20: LIMPIEZA, SANITIZACIÓN Y DESINFECCIÓN DE SUPERFICIES | B20: Según el diseño curricular del programa | C20: 1 | D20: 10 | E20: 0 | F20: 15/02/2021 | G20: 14/12/2021 | H20: 3038400 | I20: =(C20*D20*H20)+(H20/30*E20*C20) -> 30384000 | J20: REQUISITO ACADÉMICOS: PROFESIONALES DEL ÁREA DE LA SALUD O PROFESIONALES O TECNÓLOGOS DEL SECTOR AMBIENTAL. EXPERIENCIA RELACIONADA: DIECIOCHO (18) MESES ESTARÁN RELACIONADOS CON EL EJERCICIO DE EMPLEOS, ACTIVIDADES U OFICIOS AFINES CON ACTIVIDADES RELACIONADAS CON LIMPIEZA Y DESINFECCIÓN DE ÁREAS, INSTALACIONES, EQUIPOS Y UTENSILIOS. EXPERIENCIA DOCENTE: SEIS (6) MESES EN EL EJERCICIO DE LAS ACTIVIDADES DE DIVULGACIÓN DEL CONOCIMIENTO OBTENIDA EN INSTITUCIONES EDUCATIVAS DEBIDAMENTE RECONOCIDAS.
B21: TOTAL | C21: =SUM(C16:C20) -> 11 | I21: =SUM(I16:I20) -> 261302400
A27: Fernando Alfonso Escobar Quirá | E27: Ana Alexandra Rodríguez Vargas | J27: Mirtha Gilma Espinosa Urbano
A28: C.C. 10.530.994 | E28: C.C. 25,283,835 | J28: C.C. 27.450.864
A29: Subdirector (E ) | E29: Coordinadora Académica Programas Especiales | J29: Coordinadora Formación Profesional

Sheet SER
A2: ANEXO 2
A3: PLAN DE CONTRATACIÓN DE INSTRUCTORES AÑO 2021 PROGRAMA SENA EMPRENDE RURAL
A5: Regional: CAUCA | I5: CDP No.
A6: Centro: COMERCIO Y SERVICIOS | I6: RUBRO
A7: Periodo: 2021
A8: Acta No.
A9: Tope global programado | B9: =I32 -> 983419500
A10: Menos Horas presente plan | H10: Elaborado por:
A11: Saldo | H11: Nombre: | I11: SUBDIRECTOR DE CENTRO - COORDINADOR MISIONAL - COORDINADOR ACADÉMICO
A12: % Utilizado | H12: Teléfono: | I12: 820-5903
A13: Nombre del Programa (TE-TP-TGO) | B13: Nombre de la competencia a desarrollar | C13: No. De personas a contratar | D13: No. De meses a contratar | E13: No. De días a contratar | F13: Fechas Previstas para la contratación | H13: Costo Hora o Costo Honorarios mes (Pesos) | I13: Costo Total (Pesos) | J13: OBSERVACIONES (PERFIL DEL INSTRUCTOR) | K13: 1er Pago | L13: Último Pago | N13: VALOR TÉCNICO:
F14: Inicio (D-M-A) | G14: Terminación (D-M-A) | K14: Días | L14: Días | N14: 3342000
A15: 1 | B15: 2 | C15: 3 | D15: 4 | E15: 5 | F15: 6 | H15: 7 | I15: 8 | J15: 9 | K15: 5 | L15: 15
A16: EMPRENDEDOR EN GASTRONOMIA TIPICA RURAL | B16: Según el diseño curricular del programa | C16: 2 | D16: 10 | E16: 0 | F16: 15/02/2021 | G16: 14/12/2021 | H16: 3849000 | I16: =(C16*D16*H16)+(H16/30*E16*C16) -> 76980000 | J16: REQUISITOS ACADÉMICOS: PREFERIBLEMENTE: PROFESIONAL EN LAS ÁREAS DE GASTRONOMÍA, COCINA, ALTA COCINA, CULINARIA O GESTIÓN HOTELERA. OPCIONAL: TECNÓLOGO Y/ TÉCNICO EN LAS ÁREAS DE COCINA, GASTRONOMÍA, CULINARIA, GESTIÓN HOTELERA O GESTIÓN DE ALIMENTOS Y BEBIDAS. EXPERIENCIA RELACIONADA: DIECIOCHO (18) MESES ESTARÁN RELACIONADOS CON EL EJERCICIO DE EMPLEOS, ACTIVIDADES U OFICIOS AFINES CON SU PROFESIÓN OBJETO DE LA CONTRATACIÓN. EXPERIENCIA DOCENTE: SEIS (6) MESES EN EL EJERCICIO DE LAS ACTIVIDADES DE DIVULGACIÓN DEL CONOCIMIENTO OBTENIDA EN INSTITUCIONES EDUCATIVAS DEBIDAMENTE RECONOCIDAS. | K16: =H16/30*K15 -> 641500 | L16: =I16/30*L15 -> 38490000
A17: EMPRENDEDOR EN PRODUCCION Y COMERCIALIZACION DE PRODUCTOS DE PANADERIA Y PASTELERIA | B17: =$B$25 -> Según el diseño curricular del programa | C17: 3 | D17: 10 | E17: 0 | F17: 15/02/2021 | G17: 14/12/2021 | H17: 3849000 | I17: =(C17*D17*H17)+(H17/30*E17*C17) -> 115470000 | J17: REQUISITOS ACADÉMICOS: PREFERIBLEMENTE: INGENIERO DE ALIMENTOS, PROFESIONAL EN GASTRONOMÍA O ÁREAS AFINES. OPCIONAL:TÉCNICO EN PANIFICACIÓN, COCINA O AFINES. EXPERIENCIA RELACIONADA: DIECIOCHO (18) MESES ESTARÁN RELACIONADOS CON EL EJERCICIO DE EMPLEOS, ACTIVIDADES U OFICIOS AFINES CON SU PROFESIÓN OBJETO DE LA CONTRATACIÓN. EXPERIENCIA DOCENTE: SEIS (6) MESES EN EL EJERCICIO DE LAS ACTIVIDADES DE DIVULGACIÓN DEL CONOCIMIENTO OBTENIDA EN INSTITUCIONES EDUCATIVAS DEBIDAMENTE RECONOCIDAS.
A18: EMPRENDEDOR EN ELABORACION DE ACCESORIOS ARTESANALES CON ELEMENTOS NATURALES DE LA REGION. | B18: =$B$25 -> Según el diseño curricular del programa | C18: 3 | D18: 10 | E18: 0 | F18: 15/02/2021 | G18: 14/12/2021 | H18: 3849000 | I18: =(C18*D18*H18)+(H18/30*E18*C18) -> 115470000 | J18: REQUISITO ACADÉMICO: ALTERNATIVA 1: TÍTULO PROFESIONAL UNIVERSITARIO O DE TECNÓLOGO O TÉCNICO PROFESIONAL O TÉCNICO, EN LA DISCIPLINA ACADÉMICA DEL NÚCLEO BÁSICO DE CONOCIMIENTO EN ARTES PLASTICAS, DISEÑO E INGENIERIA TEXTIL. FORMACIÓN EN TÉCNICAS ARTESANALES O SIMILARES. FORMACIÓN ESPECÍFICA Y EXPERIENCIA LABORAL RELACIONADA CON LA OBTENCIÓN DE OBJETOS ARTESANALES EMPLEANDO LA TÉCNICA DEL TALLADO, CORTE, TRANSFORMACIÓN, LIJADO, DECORACIÓN, PINTURA Y ACABADOS, BORDADOS Y PINTURA EN TELA Y HABILIDADES EN EL MANEJO DE RECURSOS NATURALES PARA LA ELABORACIÓN DE ACCESORIOS ARTESANALES. ALTERNATIVA 2: TECNÓLOGO EN DISEÑO DE CALZADO Y MARROQUINERÍA O TECNÓLOGO EN PRODUCCIÓN DE CALZADO Y MARROQUINERÍA, DISEÑADOR DE MODAS, DISEÑADOR DE VESTUARIO O DISEÑADOR INDUSTRIAL. CON HABILIDADES EN EL MANEJO DE RECURSOS NATURALES PARA LA ELABORACIÓN DE ACCESORIOS ARTESANALES. EXPERIENCIA RELACIONADA: DIECIOCHO (18) MESES ESTARÁN RELACIONADOS CON EL EJERCICIO DE EMPLEOS, ACTIVIDADES U OFICIOS AFINES CON SU PROFESIÓN OBJETO DE LA CONTRATACIÓN. EXPERIENCIA DOCENTE: SEIS (6) MESES EN EL EJERCICIO DE LAS ACTIVIDADES DE DIVULGACIÓN DEL CONOCIMIENTO OBTENIDA EN INSTITUCIONES EDUCATIVAS DEBIDAMENTE RECONOCIDAS. | M18: Experiencia de 36 meses, preferiblemente certificado en normas de competencia laboral relacionados con las actividades de: en objetos artesanales y decorativos, bisutería y manualidades, tejidos Experiencia en docencia de 6 meses.
A19: EMPRENDEDOR EN PROCESAMIENTO DE PRODUCTOS DE CONFITERIA Y DULCERIA ARTESANAL | B19: =$B$25 -> Según el diseño curricular del programa | C19: 1 | D19: 10 | E19: 0 | F19: 15/02/2021 | G19: 14/12/2021 | H19: 3849000 | I19: =(C19*D19*H19)+(H19/30*E19*C19) -> 38490000 | J19: REQUISITO ACADÉMICO: TÉCNICOS Y TECNÓLOGOS ENELABORACION DE PRODUCTOS DE CONFITERÍA. PROFESIONAL EN PROGRAMAS DEINGENIERÍA DE ALIMENTOS; INGENIERÍA AGROINDUSTRIAL; PROGRAMAS AFINES. EXPERIENCIA RELACIONADA: DIECIOCHO (18) MESES ESTARÁN RELACIONADOS CON EL EJERCICIO DE EMPLEOS, ACTIVIDADES U OFICIOS AFINES CON EMPRESAS DE CONFITERÍA Y/O ALIMENTOS. EXPERIENCIA DOCENTE: SEIS (6) MESES EN EL EJERCICIO DE LAS ACTIVIDADES DE DIVULGACIÓN DEL CONOCIMIENTO OBTENIDA EN INSTITUCIONES EDUCATIVAS DEBIDAMENTE RECONOCIDAS.
A20: EMPRENDEDOR EN PROCESAMIENTO DE PRODUCTOS DERIVADOS DE CACAO | B20: =$B$25 -> Según el diseño curricular del programa | C20: 1 | D20: 10 | E20: 0 | F20: 15/02/2021 | G20: 14/12/2021 | H20: 3849000 | I20: =(C20*D20*H20)+(H20/30*E20*C20) -> 38490000 | J20: REQUISITO ACADÉMICO: TECNÓLOGO EN TRANSFORMACIÓN DE CACAO Y ELABORACIÓN DE PRODUCTOS DE CHOCOLATERÍA INDUSTRIAL Y/O TECNÓLOGO EN PROCESAMIENTO DE ALIMENTOS Y/O TECNÓLOGO EN CONTROL DE CALIDAD DE ALIMENTOS Y/O DEMÁS ÁREAS AFINES INGENIERO DE ALIMENTOS Y/O INGENIERO AGROINDUSTRIAL Y/O DEMÁS PROFESIONES AFINES EXPERIENCIA LABORAL: DOCE (12) MESES CON EXPERIENCIA CERTIFICADA EN ELABORACIÓN PRODUCTOS DERIVADOS DE CACAO, ELABORACIÓN DE PLANES DE NEGOCIOS O PROYECTOS DE INVERSIÓN O PROYECTOS COMUNITARIOS; ACOMPAÑAMIENTO EN LA PUESTA EN MARCHA DE EMPRESAS; ASESORÍA EMPRESARIAL, FINANCIERA Y COMERCIALIZACIÓN. EXPERIENCIA DOCENTE: SEIS (6) MESES EN EL EJERCICIO DE LAS ACTIVIDADES DE DIVULGACIÓN DEL CONOCIMIENTO OBTENIDA EN INSTITUCIONES EDUCATIVAS DEBIDAMENTE RECONOCIDAS.
A21: EMPRENDEDOR EN REC0RRID0S DE AGROECUTURISMO Y/O EMPRENDEDOR PROMOTOR EN PROGRAMAS TURISTICOS RURALES LOCALES | B21: =$B$25 -> Según el diseño curricular del programa | C21: 2 | D21: 10 | E21: 0 | F21: 15/02/2021 | G21: 14/12/2021 | H21: 3849000 | I21: =(C21*D21*H21)+(H21/30*E21*C21) -> 76980000 | J21: REQUISITO ACADÉMICO: PROFESIONAL EN ADMINISTRACIÓN TURÍSTICA Y HOTELERA O TECNÓLOGO O TÉCNICO. O ÁREAS AFINES EXPERIENCIA LABORAL: VEINTICUATRO (24) MESES DE EXPERIENCIA EN ACTIVIDADES RELACIONADAS CON ELABORACIÓN Y COMERCIALIZACIÓN, DE PROGRAMAS TURÍSTICOS O EXPERIENCIA RELACIONADA EN EL ÁREA MOTIVO DE LA CONTRATACIÓN. EXPERIENCIA DOCENTE: SEIS (6) MESES EN EL EJERCICIO DE LAS ACTIVIDADES DE DIVULGACIÓN DEL CONOCIMIENTO OBTENIDA EN INSTITUCIONES EDUCATIVAS DEBIDAMENTE RECONOCIDAS.
A22: EMPRENDEDOR EN DESARROLLO DE PROYECTOS CULTURALES | B22: =$B$25 -> Según el diseño curricular del programa | C22: 1 | D22: 10 | E22: 0 | F22: 15/02/2021 | G22: 14/12/2021 | H22: 3849000 | I22: =(C22*D22*H22)+(H22/30*E22*C22) -> 38490000 | J22: REQUISITO ACADÉMICO: PROFESIONAL EN ÁREAS DE NEGOCIOS, MERCADEO, COMERCIALIZACIÓN, ADMINISTRATIVAS, CONTABILIDAD Y FINANZAS Y ÁREAS AFINES. CON CONOCIMIENTO EN GESTIÓN EMPRESARIAL, FORMULACIÓN Y DESARROLLO DE PROYECTOS PRODUCTIVOS, CON CAPACIDAD DE GESTIÓN DE RECURSOS. EXPERIENCIA LABORAL: DOCE (12) MESES CON EXPERIENCIA DEMOSTRADA EN ELABORACIÓN DE PLANES DE COMERCIALIZACIÓN, PLANES DE NEGOCIO, CONFORMACIÓN DE MICROEMPRESAS Y EN MERCADEO DE PRODUCTOS AGRÍCOLAS, PECUARIOS, ARTESANALES, AGROINDUSTRIALES O EXPERIENCIA RELACIONADA EN EL ÁREA MOTIVO DE LA CONTRATACIÓN. EXPERIENCIA DOCENTE: SEIS (6) MESES EN EL EJERCICIO DE LAS ACTIVIDADES DE DIVULGACIÓN DEL CONOCIMIENTO OBTENIDA EN INSTITUCIONES EDUCATIVAS DEBIDAMENTE RECONOCIDAS.
A23: EMPRENDEDOR EN PRODUCCION DE QUESOS Y PRODUCTOS LACTEOS FERMENTADOS | B23: =B22 -> Según el diseño curricular del programa | C23: 1 | D23: 10 | E23: 0 | F23: 15/02/2021 | G23: 14/12/2021 | H23: 3849000 | I23: =(C23*D23*H23)+(H23/30*E23*C23) -> 38490000 | J23: REQUISITO ACADÉMICO: INGENIERO DE ALIMENTOS, INGENIERO AGROINDUSTRIAL, TECNÓLOGO EN CONTROL DE CALIDAD DE ALIMENTOS, TECNÓLOGO DE ALIMENTOS. EXPERIENCIA RELACIONADA: DIECIOCHO (18) MESES ESTARÁN RELACIONADOS CON EL EJERCICIO DE EMPLEOS, ACTIVIDADES U OFICIOS AFINES CON EL ÁREA DE LÁCTEOS. EXPERIENCIA DOCENTE: SEIS (6) MESES EN EL EJERCICIO DE LAS ACTIVIDADES DE DIVULGACIÓN DEL CONOCIMIENTO OBTENIDA EN INSTITUCIONES EDUCATIVAS DEBIDAMENTE RECONOCIDAS.
A24: EMPRENDEDOR EN PRODUCCION DE PIEZAS AUDIBLES PARA INDUSTRIAS CULTURALES | B24: =B23 -> Según el diseño curricular del programa | C24: 1 | D24: 10 | E24: 0 | F24: 15/02/2021 | G24: 14/12/2021 | H24: 3849000 | I24: =(C24*D24*H24)+(H24/30*E24*C24) -> 38490000 | J24: REQUISITO ACADÉMICO: EXPERTOS EN PRODUCCIÓN EN AUDIO CON CONOCIMIENTO EN MANEJAR LOS PROCESOS DE SECUENCIAMIENTO, CAPTURA Y EDICIÓN DE PIEZAS AUDIBLES. CONOCIMIENTOS EN INDUSTRIAS CULTURALES. EXPERIENCIA LABORAL: DIECIOCHO (18) MESES RELACIONADAS CON LA PRODUCCIÓN EN AUDIO O EXPERIENCIA RELACIONADA EN EL ÁREA MOTIVO DE LA CONTRATACIÓN. EXPERIENCIA DOCENTE: SEIS (6) MESES EN EL EJERCICIO DE LAS ACTIVIDADES DE DIVULGACIÓN DEL CONOCIMIENTO OBTENIDA EN INSTITUCIONES EDUCATIVAS DEBIDAMENTE RECONOCIDAS.
A25: SERVICIO AL CLIENTE MESA Y BAR | B25: Según el diseño curricular del programa | C25: 1 | D25: 5 | E25: 15 | F25: 44291 | G25: 20/09/2021 | H25: 3849000 | I25: =(C25*D25*H25)+(H25/30*E25*C25) -> 21169500 | J25: REQUISITO ACADÉMICO: PROFESIONAL Y/O TECNOLOGO EN HOTELERIA Y TURISMO. TÉCNICO Y/O TECNOLOGO EN MESA Y BAR. TECNICO O TECNOLOGO EN CASTRONOMIA, CON EXPERIENCIA EN EL ÁREA. EXPERIENCIA LABORAL: DOCE (12) MESES ESTARÁN RELACIONADOS CON EL EJERCICIO DE EMPLEOS, ACTIVIDADES U OFICIOS AFINES CON SU PROFESIÓN OBJETO DE LA CONTRATACIÓN. EXPERIENCIA DOCENTE: SEIS (6) MESES EN EL EJERCICIO DE LAS ACTIVIDADES DE DIVULGACIÓN DEL CONOCIMIENTO OBTENIDA EN INSTITUCIONES EDUCATIVAS DEBIDAMENTE RECONOCIDAS.
A26: EMPRENDIMIENTO RURAL. Empresarismo en Negocios Rurales | B26: =$B$25 -> Según el diseño curricular del programa | C26: 7 | D26: 10 | E26: 0 | F26: 15/02/2021 | G26: 14/12/2021 | H26: 3849000 | I26: =(C26*D26*H26)+(H26/30*E26*C26) -> 269430000 | J26: REQUISITO ACADÉMICO: ADMISTRADOR DE NEGOCIOS, ADMINISTRADOR DE NEGOCIOS INTERNACIONALES, COMERCIO EXTERIOR, INGENIERO DE MERCADOS, PROFESIONAL DE MERCADEO, ADMINISTRADOR DE EMPRESAS CON ÉNFASIS EN MERCADEO AGROPECUARIO. EXPERIENCIA LABORAL: DOCE (12) MESES CON EXPERIENCIA DEMOSTRADA EN ELABORACIÓN DE PLANES DE COMERCIALIZACIÓN, PLANES DE NEGOCIO, CONFORMACIÓN DE MICROEMPRESAS Y EN MERCADEO DE PRODUCTOS AGRÍCOLAS, PECUARIOS, ARTESANALES, AGROINDUSTRIALES. EXPERIENCIA DOCENTE: SEIS (6) MESES EN EL EJERCICIO DE LAS ACTIVIDADES DE DIVULGACIÓN DEL CONOCIMIENTO OBTENIDA EN INSTITUCIONES EDUCATIVAS DEBIDAMENTE RECONOCIDAS EN POBLACIÓN RURAL.
A27: CAPACITACIÓN SOLUCIONES DE EMPAQUES PARA PRODUCTOS DE UP | B27: =$B$25 -> Según el diseño curricular del programa | C27: 1 | D27: 5 | E27: 0 | F27: 44291 | G27: 44443 | H27: 3849000 | I27: =(C27*D27*H27)+(H27/30*E27*C27) -> 19245000 | J27: REQUISITO ACADÉMICO: PROFESIONAL EN DISEÑO, O ARTES PLÁSTICAS, VISUALES O TECNÓLOGO EN DISEÑO, O ARTES PLÁSTICAS, VISUALES EXPERIENCIA LABORAL: DIECIOCHO (18) MESES ESTARÁN RELACIONADOS CON EL EJERCICIO DE EMPLEOS, ACTIVIDADES U OFICIOS AFINES CON SU PROFESIÓN OBJETO DE LA CONTRATACIÓN. EXPERIENCIA DOCENTE: SEIS (6) MESES EN EL EJERCICIO DE LAS ACTIVIDADES DE DIVULGACIÓN DEL CONOCIMIENTO OBTENIDA EN INSTITUCIONES EDUCATIVAS DEBIDAMENTE RECONOCIDAS.
A28: CAPACITACIÓN COMPORTAMIENTO EMPRENDEDOR, GENERACION DE IDEAS PARA NEGOCIO INNOVADOR, DESARROLLO LOCAL INCLUYENTE BAJO EL ENFOQUE MI PUEBLO, MI PRODUCTO, MI ORGULLO- OVOP | B28: =$B$25 -> Según el diseño curricular del programa | C28: 1 | D28: 6 | E28: 0 | F28: 44291 | G28: 44296 | H28: 3849000 | I28: =(C28*D28*H28)+(H28/30*E28*C28) -> 23094000 | J28: REQUISITO ACADÉMICO: PROFESIONAL TITULADO EN CIENCIAS ECONÓMICAS, ADMINISTRATIVAS, FINANCIERAS, DE MERCADEO E INGENIERÍAS. CON CONOCIMIENTOS DEMOSTRABLES EN METODOLOGÍAS PARA IDEACIÓN Y CREATIVIDAD, CON CERTIFICACIÓN ORIENTACIÓN EN LA METODOLOGÍA ONE VILLAGE ONE PRODUCT - OVOP EXPERIENCIA LABORAL: DIECIOCHO (18) MESES ESTARÁN RELACIONADOS CON EL EJERCICIO DE EMPLEOS, ACTIVIDADES U OFICIOS AFINES CON LA ORIENTACIÓN DE PROCESOS DE EMPRENDIMIENTO, PREFERIBLEMENTE COMUNITARIO. EXPERIENCIA DOCENTE: SEIS (6) MESES EN EL EJERCICIO DE LAS ACTIVIDADES DE DIVULGACIÓN DEL CONOCIMIENTO OBTENIDA EN INSTITUCIONES EDUCATIVAS DEBIDAMENTE RECONOCIDAS.
A29: CAPACITACIÓN FORMULACION Y EVALUACION DE PROYECTOS, ECONOMIA SOLIDARIA, ESTRUCTURACION DE MODELOS DE NEGOCIOS VERDES | B29: =$B$25 -> Según el diseño curricular del programa | C29: 1 | D29: 6 | E29: 0 | F29: 44291 | G29: 44296 | H29: 3849000 | I29: =(C29*D29*H29)+(H29/30*E29*C29) -> 23094000 | J29: REQUISITO ACADÉMICO: TÍTULO PROFESIONAL UNIVERSITARIO EN DISCIPLINA ACADÉMICA DEL NÚCLEO BÁSICO DE INGENIERÍA INDUSTRIAL Y AFINES, U OTRAS INGENIERÍAS O ADMINISTRACIÓN, O ECONOMÍA, O CONTADURÍA PÚBLICA, O INGENIERÍA ADMINISTRATIVA Y AFINES. EXPERIENCIA LABORAL: DIECIOCHO (18) MESES ESTARÁN RELACIONADOS CON EL EJERCICIO DE LA PROFESIÓN U OFICIO OBJETO DE LA FORMACIÓN PROFESIONAL DE PREFERENCIA: EXPERIENCIA EN ASESORAMIENTO EMPRESARIAL O DE EMPRENDIMIENTOS SOCIALES Y AMBIENTALES, CON CRITERIOS DE RESPONSABILIDAD SOCIAL Y AMBIENTAL. CONOCIMIENTO EN LA APLICACIÓN DE METODOLOGÍAS DE IDEACIÓN, VERIFICACIÓN, EVALUACIÓN DE MODELOS DE NEGOCIOS Y ELABORACIÓN DE PLANES DE MEJORAMIENTO. CONOCIMIENTO Y EXPERIENCIA EN ALGUNO DE LOS SIGUIENTES ASPECTOS: ANÁLISIS FINANCIERO, ESTUDIOS DE MERCADO, ASOCIATIVIDAD, RESPONSABILIDAD SOCIAL. EXPERIENCIA DOCENTE: SEIS (6) MESES EN EL EJERCICIO DE LAS ACTIVIDADES DE DIVULGACIÓN DEL CONOCIMIENTO OBTENIDA EN INSTITUCIONES EDUCATIVAS DEBIDAMENTE RECONOCIDAS.
A30: CAPACITACIÓN COSTOS Y PRECIOS DE UN PRODUCTO, CONTABILIDAD EN LA ORGANIZACIÓN | B30: =$B$25 -> Según el diseño curricular del programa | C30: 1 | D30: 7 | E30: 0 | F30: 44291 | G30: 44504 | H30: 3849000 | I30: =(C30*D30*H30)+(H30/30*E30*C30) -> 26943000 | J30: ALTERNATIVA 1: REQUISITO ACADÉMICO: TÍTULO PROFESIONAL UNIVERSITARIO EN CONTADURÍA PÚBLICA: PREFERIBLEMENTE CON: ESPECIALIZACIÓN EN TRIBUTARIA, FINANZAS, COSTOS, AUDITORIA, TESORERÍA Y ESTÁNDARES INTERNACIONALES (NIIF-NIC) O DIPLOMADO EN ESTÁNDARES INTERNACIONALES (NIIF-NIC) Y MANEJO DE PAQUETE OFIMÁTICA, EXCEL, SOFTWARE CONTABLE, FINANCIERO Y DE NÓMINA. O CERTIFICACIÓN DE COMPETENCIAS LABORALES EN NORMAS TÉCNICAS Y PEDAGÓGICAS. O TARJETA PROFESIONAL EN LOS CASOS EXIGIDOS POR LA LEY. ALTERNATIVA 2: REQUISITO ACADÉMICO: TÍTULO DE TECNÓLOGO EN EL NÚCLEO BÁSICO DE CONOCIMIENTO DE CONTADURÍA PÚBLICA; TECNÓLOGO EN CONTABILIDAD Y FINANZAS O CUATRO AÑOS DE ESTUDIO APROBADOS EN CONTADURÍA PÚBLICA. O PREFERIBLEMENTE CON ACTUALIZACIÓN EN NIIF Y NIC, (NORMAS INTERNACIONES DE INFORMACIÓN FINANCIERA Y DE CONTABILIDAD), O DIPLOMADO EN ESTÁNDARES INTERNACIONALES (NIIF-NIC) Y MANEJO DE EXCEL, SOFTWARE CONTABLE, FINANCIERO Y DE NÓMINA. ALTERNATIVA 1: EXPERIENCIA LABORAL: DOCE (12) MESES ESTARÁN RELACIONADOS CON EL EJERCICIO DE EMPLEOS, ACTIVIDADES U OFICIOS AFINES CON SU PROFESIÓN OBJETO DE LA CONTRATACIÓN. EXPERIENCIA DOCENTE: DOCE (12) MESES EN EL EJERCICIO DE LAS ACTIVIDADES DE DIVULGACIÓN DEL CONOCIMIENTO OBTENIDA EN INSTITUCIONES EDUCATIVAS DEBIDAMENTE RECONOCIDAS. ALTERNATIVA 2: EXPERIENCIA LABORAL: DIECIOCHO (18) MESES ESTARÁN RELACIONADOS CON EL EJERCICIO DE EMPLEOS, ACTIVIDADES U OFICIOS AFINES CON SU PROFESIÓN OBJETO DE LA CONTRATACIÓN. EXPERIENCIA DOCENTE: SEIS (6) MESES EN EL EJERCICIO DE LAS ACTIVIDADES DE DIVULGACIÓN DEL CONOCIMIENTO OBTENIDA EN INSTITUCIONES EDUCATIVAS DEBIDAMENTE RECONOCIDAS.
A31: CAPACTIACIÓN EN MERCADEO Y VENTAS Y DESARROLLO DE CAMPAÑAS DE PROMOCION EN REDES SOCIALES | B31: =$B$25 -> Según el diseño curricular del programa | C31: 1 | D31: 6 | E31: 0 | F31: 44291 | G31: 44296 | H31: 3849000 | I31: =(C31*D31*H31)+(H31/30*E31*C31) -> 23094000 | J31: REQUISITOS ACADÉMICOS: ALTERNATIVA 1. TÍTULO PROFESIONAL UNIVERSITARIO EN: ADMINISTRACIÓN, ECONOMÍA, INGENIERIA INDUSTRIAL, INGENIERIA ADMINISTRATIVA, INGENIERO DE MERCADOS, ADMINISTRACIÓN DE EMPRESAS, ECONOMISTAS, MERCADÓLOGO Y AFINES, CON CONOCIMIENTO EN PUBLICIDAD ALTERNAVIA 2. TECNÓLOGOS EN MERCADEO, GESTIÓN DE MERCADOS, DIRECCIÓN DE VENTAS, GESTIÓN EMPRESARIAL, GESTIÓN ADMINISTRATIVA. CON CONOCIMIENTO EN PUBLICIDAD. ALTERNAVITA 1. EXPERIENCIA LABORAL: DOCE (12)MESES ESTARÁN RELACIONADOS CON EL EJERCICIO DE EMPLEOS, ACTIVIDADES U OFICIOS AFINES CON EL EJERCICIO DE LA GESTIÓN DE MERCADOS. EXPERIENCIA DOCENTE :SEIS (6) MESES EN EL EJERCICIO DE LAS ACTIVIDADES DE DIVULGACIÓN DEL CONOCIMIENTO OBTENIDA EN INSTITUCIONES EDUCATIVAS DEBIDAMENTE RECONOCIDAS. ALTERNATIVA 2. EXPERIENCIA LABORAL: DIECIOCHO (18) MESES ESTARÁN RELACIONADOS CON EL EJERCICIO DE EMPLEOS, ACTIVIDADES U OFICIOS AFINES CON EL EJERCICIO DE LA GESTIÓN DE MERCADOS. EXPERIENCIA DOCENTE: DOCE (12) MESES EN EL EJERCICIO DE LAS ACTIVIDADES DE DIVULGACIÓN DEL CONOCIMIENTO OBTENIDA EN INSTITUCIONES EDUCATIVAS DEBIDAMENTE RECONOCIDAS.
B32: TOTAL | C32: =SUM(C16:C31) -> 28 | I32: =SUM(I16:I31) -> 983419500
A39: Fernando Alfonso Escobar Quirá | E39: Ana Alexandra Rodríguez Vargas | J39: Mirtha Gilma Espinosa Urbano
A40: C.C. 10.530.994 | E40: C.C. 25.283.835 | J40: C.C. 27.450.864
A41: Subdirector (E ) | E41: Coordinadora Académica Programas Especiales | J41: Coordinadora Formación Profesional

Sheet RESUMEN
A1: RESUMEN DE PLANES CAT
A2: PROYECTO | B2: VALOR | C2: Nro. INSTRUCTORES | D2: Valor por contratar: | E2: =B20-B8 -> 1365626211
A3: SEGUIMIENTOS ETAPA PRODUCTIVA | B3: =+'SEGUIM-EP'!I19 -> 120582000 | C3: ='SEGUIM-EP'!C19 -> 3
A4: TRANSVERSALES | B4: =+'TIT-TRASV'!I25 -> 621284000 | C4: ='TIT-TRASV'!C25 -> 16
A5: INVESTIGACION | B5: =+'TIT-INVES'!I21 -> 158750000 | C5: ='TIT-INVES'!C21 -> 4
A6: TITULADA VIRTUAL | B6: =+'TIT-VIRT'!I23 -> 263133000 | C6: ='TIT-VIRT'!C23 -> 7 | E6: =3810000*6 -> 22860000
A7: TITULADA PRESENCIAL | B7: =+'TIT-PRES'!I34 -> 1998147800 | C7: ='TIT-PRES'!C34 -> 50
B8: =SUM(B3:B7) -> 3161896800 | C8: =SUM(C3:C7) -> 80 | E8: =E2/E6 -> 59.738679
A9: CAPE
A10: ARTICULACION | B10: =ARTIC!I23 -> 485088345 | C10: =ARTIC!C23 -> 12 | E10: =B8+E2 -> 4527523011
A11: COMPLEMENTARIA VIRTUAL | B11: ='COMP-VIRT'!I22 -> 294300000 | C11: ='COMP-VIRT'!C22 -> 9 | E11: =B11+B12 -> 699926400
A12: COMPLEMENTARIA | B12: =COMP!I24 -> 405626400 | C12: =COMP!C24 -> 13 | E12: =SUM(E10:E11) -> 5227449411
A13: DESPLAZADOS | B13: =DESPL!I21 -> 261302400 | C13: =DESPL!C21 -> 11
A14: SER | B14: =SER!I32 -> 983419500 | C14: =SER!C32 -> 28
B15: =SUM(B10:B14) -> 2429736645 | C15: =SUM(C10:C14) -> 73
A17: PRESUPUESTO VIGENCIA 2021
A18: CUENTA | B18: CAT | C18: CAPE | D18: MATER FORM | E18: VIATICOS | F18: DISEÑ_CURR | G18: ENI
A19: ACCIONES REGULARES Y DEMAS PROYECTOS (DESPLAZ) | C19: 310508789 | D19: 15525439 | E19: 7762720
A20: SERVICIOS PRESTADOS A LA FORMACION PROFESIONAL. | B20: =5274984000-F20-G20-C20 -> 4527523011 | C20: =B11+B12 -> 699926400 | D20: =92316308-D21 -> 58366308 | E20: =100292130-E22-E21 -> 65882130 | F20: 16334589 | G20: 31200000
D21: 33950000 | E21: 11410000 | F21: 0 | G21: 0
A22: PROGRAMA DE ARTICULACIÓN CON LA MEDIA. | C22: 498000000 | D22: 15399604 | E22: 23000000
A23: SER | C23: 1504981100 | D23: 411100000 | E23: 67906000
A25: TOTAL: | B25: =SUM(B19:B23) -> 4527523011 | C25: =SUM(C19:C23) -> 3013416289
B28: Prof | C28: 3810000
A29: 999307 | B29: Tgo/Tco | C29: 3342000
A30: SeNa9307

Sheet Contratacion
A1: ='SEGUIM-EP'!A1 -> 3810000 | B1: =3759500*1.03 -> 3872285
A3: ANEXO 2
A4: PLAN DE CONTRATACIÓN DE INSTRUCTORES AÑO 2021 PROGRAMACION REGULAR - SEGUIMIENTO A ETAPA PRODUCTIVA VIRTUAL Y PRESENCIAL
A6: Regional: CAUCA | I6: CDP No.
A7: Centro: COMERCIO Y SERVICIOS | I7: Rubro:
A8: Periodo: 2021
A9: Acta No.
A10: Tope global programado | B10: =+I21 -> 4527042000
A11: Menos Horas presente plan | H11: Elaborado por:
A12: Saldo | H12: Nombre: | I12: SUBDIRECTOR DE CENTRO - COORDINADOR MISIONAL - COORDINADOR ACADÉMICO
A13: % Utilizado | H13: Teléfono: | I13: 820-5903
A14: Nombre del Programa (TE-TP-TGO) | B14: Nombre de la competencia a desarrollar | C14: No. De personas a contratar | D14: No. De meses a contratar | E14: No. De días a contratar | F14: Fechas Previstas para la contratación | H14: Costo Hora o Costo Honorarios mes (Pesos) | I14: Costo Total (Pesos) | J14: No. De personas a contratar CAPE
F15: Inicio (D-M-A) | G15: Terminación (D-M-A)
A16: 1 | B16: 2 | C16: 3 | D16: 4 | E16: 5 | F16: 6 | H16: 7 | I16: 8 | J16: 9 | IV16: =SUBTOTAL(9,A16:IU16) -> 45
A17: I trimestre | B17: Competencias técnicas del progama | C17: =RESUMEN!C8 -> 80 | D17: 10 | E17: 22 | F17: 44221 | G17: 44547 | H17: =$A$1 -> 3810000 | I17: =(D17*H17+(H17/30*E17))*C17 -> 3271520000 | J17: 62
A18: II trimestre | B18: Competencias técnicas del programa | C18: 25 | D18: 8 | E18: 2 | F18: 44301 | G18: 44547 | H18: =$A$1 -> 3810000 | I18: =(D18*H18+(H18/30*E18))*C18 -> 768350000 | J18: 11
A19: III trimestre | B19: Competencias técnicas del programa | C19: 20 | D19: 4 | E19: 28 | F19: 44396 | G19: 44547 | H19: =$A$1 -> 3810000 | I19: =(D19*H19+(H19/30*E19))*C19 -> 375920000
A20: IV trimestre | B20: Competencias técnicas del progama | C20: 12 | D20: 2 | E20: 13 | F20: 44473 | G20: 44547 | H20: =$A$1 -> 3810000 | I20: =(D20*H20+(H20/30*E20))*C20 -> 111252000
B21: TOTAL | C21: =SUM(C17:C20) -> 137 | I21: =SUM(I17:I20) -> 4527042000 | J21: 210
I23: =RESUMEN!B20 -> 4527523011
I25: =I23-I21 -> 481011

Sheet Hoja2
A1: Id Aspiración | B1: Tipo y Núm. Documento | C1: Nombres y Apellidos | D1: Datos Contacto | E1: Centro Asignó Estado | F1: Fase | G1: Nombre Perfil | H1: Nombre Perfil Otro | I1: Centro Elegido 1 | J1: Centro Elegido 2 | K1: Municipio Residencia Aspirante | L1: Departamento Residencia Aspirante | M1: ANEXO 2
A2: 6255 | B2: CC 87248424 | C2: IVAN DARIO SANCHEZ ALVEAR | D2: isanchezqui80@gmail.com 3103214307 9288388000 | F2: Fase1 | G2: AGRÍCOLA - PROCESAMIENTO DE ALIMENTOS - PANADERIA Y REPOSTERIA | I2: Cauca Popayán Centro Agropecuario | J2: Cauca Popayán Centro de Comercio y Servicios | K2: Popayán | L2: Cauca | M2: TIT-PRES
A3: 25556 | B3: CC 4613272 | C3: OSCAR ANDRES LOPEZ VALENCIA | D3: oscarandreslopez@hotmail.com 3175750300 3175750300 | F3: Fase2 | G3: COMERCIO Y VENTAS - GESTIÓN DE MERCADOS | I3: Cauca Popayán Centro de Comercio y Servicios | J3: Cauca Popayán Centro de Teleinformática y Producción Industrial | K3: Popayán | L3: Cauca | M3: TIT-VIRT
A4: 4155 | B4: CC 25272710 | C4: SONIA YANET BETANCOURT SANCHEZ | D4: soniabetsa@hotmail.com 3128452603 9288369781 | F4: Fase1 | G4: FORMACIÓN VIRTUAL | I4: Cauca Popayán Centro de Comercio y Servicios | J4: Cauca Popayán Centro de Teleinformática y Producción Industrial | K4: Popayán | L4: Cauca | M4: TIT-VIRT
A5: 16751 | B5: CC 34563325 | C5: CARMEN ALICIA CAMPO | D5: carmen_a@misena.edu.co 3012355426 928375306 | F5: Fase1 | G5: FORMACIÓN VIRTUAL | I5: Cauca Popayán Centro Agropecuario | J5: Cauca Popayán Centro de Comercio y Servicios | K5: Popayán | L5: Cauca | M5: TIT-VIRT
A6: 42328 | B6: CC 10295942 | C6: OSCAR FERNANDO LOPEZ PERAFAN | D6: oscarfernandolopez@gmail.com 3007386534 328311128 | F6: Fase2 | G6: FORMACIÓN VIRTUAL | I6: Cauca Popayán Centro de Comercio y Servicios | J6: Tolima Espinal Centro Agropecuario la Granja | K6: Ibagué | L6: Tolima | M6: TIT-VIRT
A7: 12554 | B7: CC 76323755 | C7: JAIRO ALBERTO ESPAÑA ISACAS | D7: jairo.espana.i@gmail.com 3058807122 3127701532 | F7: Fase1 | G7: FORMACIÓN VIRTUAL | I7: Cauca Popayán Centro de Comercio y Servicios | J7: Valle del Cauca Cali Centro de Gestión Tecnológica de Servicios | K7: Popayán | L7: Cauca | M7: TIT-VIRT
A8: 33343 | B8: CC 76326915 | C8: DANNY KARLO COLLAZOS VILLEGAS | D8: dannycollazos@hotmail.com 3006565215 nullnull | F8: Fase2 | G8: GESTIÓN ADMINISTRATIVA Y FINANCIERA - BANCA | I8: Cauca Popayán Centro Agropecuario | J8: Cauca Popayán Centro de Comercio y Servicios | K8: Popayán | L8: Cauca | M8: TIT-PRES
A9: 11373 | B9: CC 25289695 | C9: SANDRA PATRICIA BASTIDAS VIVAS | D9: patito_1113@hotmail.com 3127701532 3127701532 | F9: Fase1 | G9: GESTIÓN ADMINISTRATIVA Y FINANCIERA - BANCA | I9: Cauca Popayán Centro de Comercio y Servicios | J9: Valle del Cauca Cali Centro de Gestión Tecnológica de Servicios | K9: Popayán | L9: Cauca | M9: TIT-PRES
A10: 15890 | B10: CC 10566163 | C10: MARTIN ADOLFO ALEGRIA | D10: martinadolfo_alegria@hotmail.com 3155471290 3155471290 | F10: Fase1 | G10: GESTIÓN ADMINISTRATIVA Y FINANCIERA - BANCA | I10: Cauca Popayán Centro de Comercio y Servicios | J10: Valle del Cauca Cali Centro de Gestión Tecnológica de Servicios | K10: Popayán | L10: Cauca | M10: TIT-PRES
A11: 24430 | B11: CC 10306141 | C11: JOSE ALBERTO NAVIA SOSCUE | D11: josepnavia@hotmail.com 3206377601 nullnull | F11: Fase2 | G11: GESTIÓN ADMINISTRATIVA Y FINANCIERA - BANCA | I11: Cauca Popayán Centro de Comercio y Servicios | J11: Cauca Popayán Centro de Teleinformática y Producción Industrial | K11: Timbio | L11: Cauca | M11: TIT-PRES
A12: 6877 | B12: CC 34552206 | C12: GLADYS AMARIS LOPEZ QUINTERO | D12: glaloquin@hotmail.com 3136188907 928380458 | F12: Fase1 | G12: GESTIÓN ADMINISTRATIVA Y FINANCIERA - CONTABILIDAD | I12: Cauca Popayán Centro de Comercio y Servicios | J12: Cauca Popayán Centro de Teleinformática y Producción Industrial | K12: Popayán | L12: Cauca | M12: TIT-PRES
A13: 12422 | B13: CC 16465023 | C13: LEONCIO ANGULO VALENCIA | D13: leoncio.angulo@hotmail.com 3158458801 928297667 | E13: Valle del Cauca Cartago Centro de Tecnologías Agroindustriales | F13: Fase1 | G13: GESTIÓN ADMINISTRATIVA Y FINANCIERA - CONTABILIDAD | I13: Cauca Popayán Centro de Comercio y Servicios | J13: Valle del Cauca Cartago Centro de Tecnologías Agroindustriales | K13: Cali | L13: Valle del Cauca | M13: TIT-PRES
A14: 2035 | B14: CC 25456262 | C14: FLOR INELDA QUIPO MUÑOZ | D14: fiquipom@gmail.com 3105717105 3053814384 | F14: Fase1 | G14: GESTIÓN ADMINISTRATIVA Y FINANCIERA - CONTABILIDAD | I14: Cauca Popayán Centro de Comercio y Servicios | J14: Huila Neiva Centro de la Industria, la Empresa y los Servicios | K14: Popayán | L14: Cauca | M14: TIT-PRES
A15: 1331 | B15: CC 40774930 | C15: ESPERANZA RIVAS ESCOBAR | D15: esperanzarivase@gmail.com 3138160611 3138160611 | F15: Fase1 | G15: GESTIÓN ADMINISTRATIVA Y FINANCIERA - CONTABILIDAD | I15: Cauca Popayán Centro de Comercio y Servicios | J15: Huila La Plata Centro de Desarrollo Agroempresarial y Turístico del Huila | K15: Popayán | L15: Cauca | M15: TIT-PRES
A16: 17481 | B16: CC 16376983 | C16: JAIR ANDRES PEREZ QUINA | D16: jairandresperez@misena.edu.co 3108946440 3108946440 | F16: Fase1 | G16: GESTIÓN ADMINISTRATIVA Y FINANCIERA - CONTABILIDAD | I16: Cauca Popayán Centro Agropecuario | J16: Cauca Popayán Centro de Comercio y Servicios | K16: Popayán | L16: Cauca | M16: TIT-PRES
A17: 20688 | B17: CC 34548444 | C17: SANDRA LUCIA MANZANO | D17: sanluma25@hotmail.com 3146642419 nullnull | F17: Fase1 | G17: GESTIÓN ADMINISTRATIVA Y FINANCIERA - CONTABILIDAD | I17: Cauca Popayán Centro de Comercio y Servicios | J17: Cauca Popayán Centro de Teleinformática y Producción Industrial | K17: Popayán | L17: Cauca | M17: TIT-PRES
A18: 7227 | B18: CC 34607268 | C18: PAOLA ANDREA LALINDE VILLANI | D18: andrea.pao15@hotmail.com 3117199393 928299485 | F18: Fase1 | G18: GESTIÓN ADMINISTRATIVA Y FINANCIERA - CONTABILIDAD | I18: Cauca Popayán Centro Agropecuario | J18: Cauca Popayán Centro de Comercio y Servicios | K18: Popayán | L18: Cauca | M18: TIT-PRES
A19: 7804 | B19: CC 76318918 | C19: HUGO MIGUEL AGREDO RAMIREZ | D19: huylo23@hotmail.com 3172374155 928336236 | F19: Fase1 | G19: GESTIÓN ADMINISTRATIVA Y FINANCIERA - CONTABILIDAD | I19: Cauca Popayán Centro Agropecuario | J19: Cauca Popayán Centro de Comercio y Servicios | K19: Popayán | L19: Cauca | M19: TIT-PRES
A20: NN-Cont | M20: SEG-EP
A21: 4409 | B21: CC 76317344 | C21: HAMES ALFONSO VELASCO | D21: hamesalvelasco@yahoo.es 3178239472 3178239472 | F21: Fase1 | G21: GESTIÓN ADMINISTRATIVA Y FINANCIERA - GESTIÓN ADMINISTRATIVA | I21: Cauca Popayán Centro Agropecuario | J21: Cauca Popayán Centro de Comercio y Servicios | K21: Popayán | L21: Cauca | M21: SEG-EP
A22: 17109 | B22: CC 10486505 | C22: MAURICIO HOYOS NAVIA | D22: mhoyos@sena.edu.co 3113437835 928297669 | F22: Fase1 | G22: GESTIÓN ADMINISTRATIVA Y FINANCIERA - GESTIÓN ADMINISTRATIVA | I22: Cauca Popayán Centro de Comercio y Servicios | J22: Valle del Cauca Palmira Centro de Biotecnología Industrial | K22: Santander de Quilichao | L22: Cauca | M22: SEG-EP
A23: 14117 | B23: CC 1061717419 | C23: JUAN PABLO VALENCIA DAVILA | D23: juanp_valencia@hotmail.com 3105358383 925131013 | F23: Fase1 | G23: GESTIÓN ADMINISTRATIVA Y FINANCIERA - GESTIÓN ADMINISTRATIVA | I23: Caldas Manizales Centro de Comercio y Servicios | J23: Cauca Popayán Centro de Comercio y Servicios | K23: Popayán | L23: Cauca | M23: TIT-PRES
A24: 18206 | B24: CC 1061749402 | C24: DIANA CRISTINA PEREZ MELLIZO | D24: dcperez20@gmail.com 3166392591 518441151 | F24: Fase1 | G24: GESTIÓN ADMINISTRATIVA Y FINANCIERA - GESTIÓN DOCUMENTAL | I24: Caldas Manizales Centro de Comercio y Servicios | J24: Cauca Popayán Centro de Comercio y Servicios | K24: Santander de Quilichao | L24: Cauca | M24: TIT-PRES
A25: 8862 | B25: CC 34321474 | C25: NANCY YANETH GOMEZ MUÑOZ | D25: yanethgm7@gmail.com 3127848392 578374262 | F25: Fase1 | G25: GESTIÓN ADMINISTRATIVA Y FINANCIERA - GESTIÓN DOCUMENTAL | I25: Cauca Popayán Centro de Comercio y Servicios | J25: Huila Neiva Centro de la Industria, la Empresa y los Servicios | K25: Popayán | L25: Cauca | M25: SEG-EP
A26: NN-Arc | M26: TIT-PRES
A27: 8489 | B27: CC 48645064 | C27: AMPARO SAMBONI CRUZ | D27: amsac9@yahoo.com 3132388779 nullnull | F27: Fase1 | G27: HOTELERÍA Y TURISMO. - COCINA | I27: Cauca Popayán Centro Agropecuario | J27: Cauca Popayán Centro de Comercio y Servicios | K27: Popayán | L27: Cauca | M27: TIT-PRES
A28: 13983 | B28: CC 1061701459 | C28: VIVIANA TORO HURTADO | D28: vivianatorohurtado17@gmail.com 3015620638 578300295 | F28: Fase1 | G28: HOTELERÍA Y TURISMO. - GUIANZA TURÍSTICA | I28: Cauca Popayán Centro de Comercio y Servicios | J28: Valle del Cauca Cali Centro de Gestión Tecnológica de Servicios | K28: Popayán | L28: Cauca | M28: TIT-VIRT
A29: 5481 | B29: CC 1110497222 | C29: CRISTIAN CAMILO RUEDA MARTINEZ | D29: cc900412@hotmail.com 3114522323 312762110 | F29: Fase1 | G29: HOTELERÍA Y TURISMO. - MESA Y BAR | I29: Cauca Popayán Centro de Comercio y Servicios | J29: Tolima Ibagué Centro de Comercio y Servicios | K29: Ibagué | L29: Tolima | M29: TIT-PRES
A30: 7915 | B30: CC 76316652 | C30: JOSE RAFAEL NIÑO ORDOÑEZ | D30: jr_rafael630@hotmail.com 3104087642 288367308 | F30: Fase1 | G30: INFORMATICA DISEÑO Y DESARROLLO DE SOFTWARE - INFRAESTRUCTURA | I30: Cauca Popayán Centro de Comercio y Servicios | J30: Cauca Popayán Centro de Teleinformática y Producción Industrial | K30: Popayán | L30: Cauca | M30: SEG-EP
A31: 18061 | B31: CC 76326227 | C31: GUILLERMO ALEXANDER BURGOS IBARRA | D31: gaburgos@misena.edu.co 3225262983 928207758 | F31: Fase1 | G31: INFORMATICA DISEÑO Y DESARROLLO DE SOFTWARE - INFRAESTRUCTURA | I31: Cauca Popayán Centro de Comercio y Servicios | J31: Cauca Popayán Centro de Teleinformática y Producción Industrial | K31: Popayán | L31: Cauca | M31: TIT-PRES
A32: 43746 | B32: CC 76327284 | C32: ALVARO ANTONIO CORREAL CORTES | D32: alvarocorreal@misena.edu.co 3147812863 3147812863 | F32: Fase2 | G32: INFORMATICA DISEÑO Y DESARROLLO DE SOFTWARE - CONTENIDOS DIGITALES | I32: Cauca Popayán Centro de Comercio y Servicios | J32: Cauca Popayán Centro de Teleinformática y Producción Industrial | K32: Popayán | L32: Cauca | M32: INVEST
A33: 3986 | B33: CC 1061746744 | C33: JEISON JAVIER SOLARTE ROJAS | D33: jeisonsolarte@gmail.com 3126083338 5728352202 | F33: Fase1 | G33: INFORMATICA DISEÑO Y DESARROLLO DE SOFTWARE - SOFTWARE | I33: Cauca Popayán Centro de Comercio y Servicios | J33: Cauca Popayán Centro de Teleinformática y Producción Industrial | K33: Popayán | L33: Cauca | M33: TIT-PRES
A34: 17596 | B34: CC 10299503 | C34: ALEJANDRO ORDOÑEZ GUIZAR | D34: psicologoalejandro1983@gmail.com 3104284350 928221326 | F34: Fase1 | G34: INSTITUCIONAL DE INTEGRALIDAD DE LA FORMACIÓN - INTERACCIÓN CONSIGO MISMO, CON LOS DEMÁS, CON LA NATURALEZA Y CON LA TRASCENDENCIA | I34: Cauca Popayán Centro de Comercio y Servicios | J34: Cauca Popayán Centro de Teleinformática y Producción Industrial | K34: Popayán | L34: Cauca | M34: TRANSV
A35: 18142 | B35: CC 25278399 | C35: ADRIANA GUZMAN RESTREPO | D35: adrianagr@misena.edu.co 3225102467 3225102467 | F35: Fase1 | G35: INSTITUCIONAL DE INTEGRALIDAD DE LA FORMACIÓN - INTERACCIÓN CONSIGO MISMO, CON LOS DEMÁS, CON LA NATURALEZA Y CON LA TRASCENDENCIA | I35: Cauca Popayán Centro de Comercio y Servicios | J35: Cauca Popayán Centro de Teleinformática y Producción Industrial | K35: Popayán | L35: Cauca | M35: TRANSV
A36: 11989 | B36: CC 1061689723 | C36: ANDRES FERNANDO POLINDARA TRUJILLO | D36: andresfer86@hotmail.com 3146978104 328373414 | F36: Fase1 | G36: INSTITUCIONAL DE LA ENSEÑANZA DE IDIOMAS - IDIOMAS | I36: Cauca Popayán Centro de Comercio y Servicios | J36: Cauca Popayán Centro de Teleinformática y Producción Industrial | K36: Popayán | L36: Cauca | M36: TRANSV
A37: 7905 | B37: CC 1061721970 | C37: JENNIFER RUIZ VELASCO | D37: jenniferruizv@misena.edu.co 3122613497 328365893 | F37: Fase1 | G37: INSTITUCIONAL DE LA ENSEÑANZA DE IDIOMAS - IDIOMAS | I37: Cauca Popayán Centro Agropecuario | J37: Cauca Popayán Centro de Comercio y Servicios | K37: Popayán | L37: Cauca | M37: TRANSV
A38: 15100 | B38: CC 1085289573 | C38: JENNY EMILCE ORDOÑEZ MUÑOZ | D38: jeordonez375@misena.edu.co 3128540597 nullnull | F38: Fase1 | G38: INSTITUCIONAL DE LA ENSEÑANZA DE IDIOMAS - IDIOMAS | I38: Cauca Popayán Centro de Comercio y Servicios | J38: Cauca Popayán Centro de Teleinformática y Producción Industrial | K38: Popayán | L38: Cauca | M38: TRANSV
... A47: 7090 | B47: CC 34560354 | C47: ANABELLY ALARCON CASTELLANOS | D47: anabelly29@hotmail.com 3012238551 nullnull | F47: Fase1 | G47: INSTITUCIONAL DE PEDAGOGÍA - EMPRENDIMIENTO | I47: Cauca Popayán Centro de Comercio y Servicios | J47: Cauca Popayán Centro de Teleinformática y Producción Industrial | K47: Popayán | L47: Cauca | M47: TRANSV
A48: NN-Emp | M48: TRANSV
A49: NN-Emp | M49: TIT-PRES
A50: NN-Mat | M50: TRANSV
A51: 20668 | B51: CC 76324806 | C51: FREDDY GALINDEZ GOMEZ | D51: fredyg52@hotmail.com 3136486139 928366996 | F51: Fase1 | G51: LOGÍSTICA Y GESTIÓN DE LA PRODUCCIÓN - GESTIÓN LOGÍSTICA | I51: Cauca Popayán Centro de Comercio y Servicios | J51: Cauca Popayán Centro de Teleinformática y Producción Industrial | K51: Popayán | L51: Cauca | M51: TIT-PRES
A52: 39824 | B52: CC 1061691979 | C52: HECTOR IVAN MUÑOZ ALVEAR | D52: hector11159@gmail.com 3163428763 3163968053 | F52: Fase2 | G52: LOGÍSTICA Y GESTIÓN DE LA PRODUCCIÓN - GESTIÓN LOGÍSTICA | I52: Cauca Popayán Centro Agropecuario | J52: Cauca Popayán Centro de Teleinformática y Producción Industrial | K52: Popayán | L52: Cauca | M52: TIT-PRES
A53: 16435 | B53: CC 76326545 | C53: CLAUDIO FERNANDO CRUZ ROA | D53: klaudio100@hotmail.com 3006654584 928368676 | F53: Fase2 | G53: LOGÍSTICA Y GESTIÓN DE LA PRODUCCIÓN - GESTIÓN LOGÍSTICA | I53: Cauca Popayán Centro de Comercio y Servicios | J53: Cauca Popayán Centro de Teleinformática y Producción Industrial | K53: Pereira | L53: Risaralda | M53: TIT-VIRT
A54: 5248 | B54: CC 34543032 | C54: MARIA ISABEL ALEGRIA CERON | D54: malegriaceron@misena.edu.co 3154630284 3154630284 | F54: Fase1 | G54: LOGÍSTICA Y GESTIÓN DE LA PRODUCCIÓN - SEGURIDAD Y SALUD EN EL TRABAJO | I54: Cauca Popayán Centro de Comercio y Servicios | J54: Cauca Popayán Centro de Teleinformática y Producción Industrial | K54: Popayán | L54: Cauca | M54: TRANSV
A55: 10781 | B55: CC 34318845 | C55: DIANA JUDITH FERNANDEZ SOTELO | D55: dfernandezs214@gmail.com 3132505812 928335983 | F55: Fase1 | G55: SALUD. - APOYO TERAPÉUTICO Y REHABILITACIÓN | I55: Cauca Popayán Centro de Comercio y Servicios | J55: Cauca Popayán Centro de Teleinformática y Producción Industrial | K55: Popayán | L55: Cauca | M55: TIT-PRES
A56: 5423 | B56: CC 1061746354 | C56: TATIANA GONZALEZ ROJAS | D56: tatianagonzrojas@gmail.com 3176154226 928200510 | F56: Fase1 | G56: SALUD. - APOYO TERAPÉUTICO Y REHABILITACIÓN | I56: Antioquia Medellín Centro de Servicios de Salud | J56: Cauca Popayán Centro de Comercio y Servicios | K56: Medellín | L56: Antioquia | M56: TIT-PRES
A57: 5487 | B57: CC 76314876 | C57: CARLOS ALBERTO TITUAÑA SARABINO | D57: calberti@misena.edu.co 3136522248 928390626 | F57: Fase1 | G57: SALUD. - APOYO TERAPÉUTICO Y REHABILITACIÓN | I57: Cauca Popayán Centro de Comercio y Servicios | J57: Risaralda Pereira Centro de Comercio y Servicios | K57: Popayán | L57: Cauca | M57: TIT-PRES
A58: 51950 | B58: CC 10315518 | C58: GERSAIN MACIAS QUIÑONEZ | D58: gmq0411@hotmail.com 3216441462 3216441462 | F58: Fase2 | G58: SALUD. - APOYO TERAPÉUTICO Y REHABILITACIÓN | I58: Cauca Popayán Centro Agropecuario | J58: Cauca Popayán Centro de Comercio y Servicios | K58: Popayán | L58: Cauca | M58: TIT-PRES
A59: NN-Salud | M59: TIT-PRES
A60: 11022 | B60: CC 34659005 | C60: ALBA LUCIA ARROYAVE ORDOÑEZ | D60: albitarroyave@hotmail.com 3146696071 nullnull | F60: Fase1 | G60: SALUD. - GESTIÓN ADMINISTRATIVA EN SALUD | I60: Cauca Popayán Centro de Comercio y Servicios | J60: Valle del Cauca Cali Centro de Gestión Tecnológica de Servicios | K60: Popayán | L60: Cauca | M60: TIT-PRES
A61: 9728 | B61: CC 25277393 | C61: SANDRA MILENA ENRIQUEZ TROCHEZ | D61: smeting2495@yahoo.es 3045462718 928317856 | F61: Fase1 | G61: SALUD. - GESTIÓN ADMINISTRATIVA EN SALUD | I61: Cauca Popayán Centro de Comercio y Servicios | J61: Valle del Cauca Buga Centro Agropecuario de Buga | K61: Popayán | L61: Cauca | M61: TIT-PRES
A62: 14238 | B62: CC 10549497 | C62: FRANCISCO MORALES GALVEZ | D62: franciscomorales10@yahoo.com 3104184695 nullnull | F62: Fase1 | G62: SALUD. - GESTIÓN ADMINISTRATIVA EN SALUD | I62: Cauca Popayán Centro de Comercio y Servicios | J62: Nariño San Juan de Pasto Centro Internacional de Producción Limpia - Lope | K62: Timbio | L62: Cauca | M62: TIT-PRES
A63: 4480 | B63: CC 25280368 | C63: LORENA MUÑOZ OHMEN | D63: loreohm@gmail.com 3112864720 3112864720 | F63: Fase1 | G63: SALUD. - GESTIÓN ADMINISTRATIVA EN SALUD | I63: Cauca Popayán Centro de Comercio y Servicios | J63: Valle del Cauca Cali Centro de Gestión Tecnológica de Servicios | K63: Popayán | L63: Cauca | M63: SEG-EP
A64: 6729 | B64: CC 25284412 | C64: LUZ MARINA YACUMAL VELASCO | D64: lumaryv@outlook.es 3226515454 nullnull | F64: Fase1 | G64: SALUD. - SALUD PÚBLICA | I64: Cauca Popayán Centro de Comercio y Servicios | J64: Cauca Popayán Centro de Teleinformática y Producción Industrial | K64: Popayán | L64: Cauca | M64: TIT-PRES
A65: 9018 | B65: CC 25292466 | C65: ANA MARIA ROMERO TORO | D65: hanny-0108@hotmail.com 3104711437 3104711437 | F65: Fase1 | G65: SALUD. - SALUD PÚBLICA | I65: Cauca Popayán Centro de Comercio y Servicios | J65: Valle del Cauca Cali Centro de Gestión Tecnológica de Servicios | K65: Popayán | L65: Cauca | M65: TIT-PRES
A66: 18952 | B66: CC 34535932 | C66: SOCORRO EUGENIA ZUÑIGA BERMEO | D66: psicozube@hotmail.com 3159269661 928342750 | F66: Fase1 | G66: SALUD. - SALUD PÚBLICA | I66: Cauca Popayán Centro de Comercio y Servicios | J66: Risaralda Pereira Centro de Comercio y Servicios | K66: Popayán | L66: Cauca | M66: TIT-PRES
A67: 13878 | B67: CC 16783097 | C67: JOSE MANUEL CASTAÑEDA ROTAWISKY | D67: jomaca1169@gmail.com 3186907965 928371504 | F67: Fase1 | G67: SALUD. - SALUD PÚBLICA | I67: Cauca Popayán Centro de Comercio y Servicios | J67: Cauca Popayán Centro de Teleinformática y Producción Industrial | K67: Popayán | L67: Cauca | M67: SEG-EP
A68: 7337 | B68: CC 12996992 | C68: JOSE WILSON CABRERA SALAZAR | D68: wilsoncabreras@yahoo.es 3137697399 3137697399 | F68: Fase1 | G68: SALUD. - SERVICIOS FARMACÉUTICOS | I68: Cauca Popayán Centro de Comercio y Servicios | J68: Valle del Cauca Cali Centro de Gestión Tecnológica de Servicios | K68: Popayán | L68: Cauca | M68: TIT-PRES
A69: 32174 | B69: CC 10296166 | C69: EDUARD IVAN PIEDRAHITA VELASCO | D69: zurdoocoro@hotmail.com 3193305583 nullnull | F69: Fase2 | G69: SALUD. - SERVICIOS FARMACÉUTICOS | I69: Cauca Popayán Centro Agropecuario | J69: Cauca Popayán Centro de Comercio y Servicios | K69: Popayán | L69: Cauca | M69: TIT-PRES
A70: 14082 | B70: CC 29503859 | C70: MARIA LUZ ENID ACOSTA | D70: luzenid_226@hotmail.com 3162667655 3105376567 | F70: Fase1 | G70: SERVICIOS PERSONALES. - BELLEZA - PELUQUERIA | I70: Caldas Manizales Centro de Comercio y Servicios | J70: Cauca Popayán Centro de Comercio y Servicios | K70: Popayán | L70: Cauca | M70: TIT-PRES
A71: 9755 | B71: CC 34554549 | C71: RUBBY YANNETTE ZAMBRANO OVIEDO | D71: ryzambrano@misena.edu.co 3128181146 978372476 | F71: Fase1 | G71: SERVICIOS PERSONALES. - BELLEZA - PELUQUERIA | I71: Cauca Popayán Centro de Comercio y Servicios | J71: Valle del Cauca Cali Centro de Gestión Tecnológica de Servicios | K71: Popayán | L71: Cauca | M71: TIT-PRES
A72: 22440 | B72: CC 1118540431 | C72: YESENIA CATERINE LOPEZ ESCALANTE | D72: katerine0315@gmail.com 3118558123 nullnull | F72: Fase2 | G72: TELECOMUNICACIONES - SISTEMA DE TELECOMUNICACIONES | I72: Cauca Popayán Centro de Comercio y Servicios | J72: Cauca Popayán Centro de Teleinformática y Producción Industrial | K72: Popayán | L72: Cauca | M72: TIT-PRES
A73: 18675 | B73: CC 79268898 | C73: JOSE IDELVER BOLAÑOS DIAZ | D73: jbodi@misena.edu.co 3165349948 928327836 | F73: Fase1 | G73: TRANSPORTE. - TRANSPORTE TERRESTRE POR CARRETERA | I73: Cauca Popayán Centro de Comercio y Servicios | J73: Cauca Popayán Centro de Teleinformática y Producción Industrial | K73: Popayán | L73: Cauca | M73: TIT-PRES

Sheet REG TIT PRES (2)
A1: ='SEGUIM-EP'!A1 -> 3810000 | B1: =3759500*1.03 -> 3872285
A2: ANEXO 2
A3: PLAN DE CONTRATACIÓN DE INSTRUCTORES AÑO 2021 PROGRAMACION REGULAR - SEGUIMIENTO A ETAPA PRODUCTIVA VIRTUAL Y PRESENCIAL
A5: Regional: CAUCA | I5: CDP No.
A6: Centro: COMERCIO Y SERVICIOS | I6: Rubro:
A7: Periodo: 2021
A8: Acta No.
A9: Tope global programado | B9: =+I48 -> 1680210000
A10: Menos Horas presente plan | H10: Elaborado por:
A11: Saldo | H11: Nombre: | I11: SUBDIRECTOR DE CENTRO - COORDINADOR MISIONAL - COORDINADOR ACADÉMICO
A12: % Utilizado | H12: Teléfono: | I12: 820-5903
A13: Nombre del Programa (TE-TP-TGO) | B13: Nombre de la competencia a desarrollar | C13: No. De personas a contratar | D13: No. De meses a contratar | E13: No. De días a contratar | F13: Fechas Previstas para la contratación | H13: Costo Hora o Costo Honorarios mes (Pesos) | I13: Costo Total (Pesos) | J13: OBSERVACIONES (PERFIL DEL INSTRUCTOR)
F14: Inicio (D-M-A) | G14: Terminación (D-M-A)
A15: 1 | B15: 2 | C15: 3 | D15: 4 | E15: 5 | F15: 6 | H15: 7 | I15: 8 | J15: 9 | IV15: =SUBTOTAL(9,A15:IU15) -> 45
A16: TITULADA PRESENCIAL - LOGISTICA Y TRANSPORTE SEGURIDAD VIAL, CONTROL DE TRANSITO Y TRANSPORTE | B16: Competencias técnicas del progama | C16: 1 | D16: 10 | E16: 15 | F16: 44221 | G16: 44547 | H16: =$A$1 -> 3810000 | I16: =(D16*H16+(H16/30*E16))*C16 -> 40005000 | J16: Profesionales del área administrativa y/o ciencias políticas con experiencia mínima docente de dos años, orientando procesos de formación en los temas relacionados en: OPERACIÓN DE EQUIPOS DE SERVICIO INTERMUNICIPAL DE PASAJEROS. TECNICO SEGURIDAD VIAL, CONTROL DE TRANSITO Y TRANSPORTE
A17: TITULADA PRESENCIAL - NEGOCIACION INTERNACIONAL | B17: Competencias técnicas del programa | C17: 1 | D17: 10 | E17: 15 | F17: 44221 | G17: 44547 | H17: =$A$1 -> 3810000 | I17: =(D17*H17+(H17/30*E17))*C17 -> 40005000 | J17: Profesional Universitario en Administración de empresas, Preferiblemente con posgrado en mercados o negocios internacionales. Con experiencia de un año en manejo de plataformas virtuales. Experiencia técnica 18 meses y 6 meses en labores de docencia.
A18: TITULADA PRESENCIAL - GESTION DE MERCADOS | B18: Competencias técnicas del programa | C18: 1 | D18: 10 | E18: 15 | F18: 44221 | G18: 44547 | H18: =$A$1 -> 3810000 | I18: =(D18*H18+(H18/30*E18))*C18 -> 40005000 | J18: Profesional Universitario en Administración de empresas, Preferiblemente con posgrado en mercados o negocios internacionales. Con experiencia de un año en manejo de plataformas virtuales. Experiencia técnica 18 meses y 6 meses en labores de docencia.
A19: Tgo Virtual en ADSI | B19: Competencias técnicas del progama | C19: 1 | D19: 10 | E19: 15 | F19: 44221 | G19: 44547 | H19: =$A$1 -> 3810000 | I19: =(D19*H19+(H19/30*E19))*C19 -> 40005000 | J19: Tecnólogo o Cuatro (4) años de Estudios Universitarios en sistemas o electrónica, preferiblemente con Certificación Internacional en Desarrollo de Soluciones de Software ya sea en Tecnologías Sun Microsystems (Java o MySQL), Microsoft (Visual Studio o SQL Server), Oracle (Administración o Desarrollo sobre PL/SQL. Con experiencia de un año en manejo de plataformas virtuales. Experiencia técnica 18 meses y 6 meses en labores de docencia.
A20: TITULADA PRESENCIAL - TIC DISEÑO Y DESARROLLO SOFWARE | B20: Competencias técnicas del progama | C20: 2 | D20: 10 | E20: 15 | F20: 44221 | G20: 44547 | H20: =$A$1 -> 3810000 | I20: =(D20*H20+(H20/30*E20))*C20 -> 80010000 | J20: El programa requiere de un equipo de instructores con Título de Tecnólogo o Cuatro (4) años de Estudios Universitarios, relacionados con la especialidad objeto de formación, preferiblemente con Certificación Internacional en Desarrollo de Soluciones de Software ya sea en Tecnologías Sun Microsystems (Java o MySQL), Microsoft (Visual Studio o SQL Server) u Oracle (Administración o Desarrollo sobre PL/SQL). Veinticuatro (24) meses de Experiencia: de los cuales Dieciocho (18) meses estarán relacionados con el ejercicio de la profesión u oficio objeto de la formación profesional y Seis (6) meses en labores de docencia.
A21: TITULADA PRESENCIAL - TIC DISEÑO Y DESARROLLO SOFWARE | B21: Competencias técnicas del progama | C21: 2 | D21: 10 | E21: 15 | F21: 44221 | G21: 44547 | H21: =$A$1 -> 3810000 | I21: =(D21*H21+(H21/30*E21))*C21 -> 80010000 | J21: Título de Tecnólogo o Cuatro (4) años de Estudios Universitarios, relacionados con la especialidad objeto de formación, preferiblemente con Certificación Internacional en Administración de Redes de Computadores sobre plataformas Microsoft, Linux, Solaris o CCNA, o Ensamble y Mantenimiento de Equipos de Cómputo y Servidores CompTIA A+ o Server+. (MUNICIPIOS DEL DEPARTAMENTO DEL CAUCA) Experiencia técnica 18 meses y 6 meses en labores de docencia.
A22: TITULADA PRESENCIAL - TIC DISEÑO Y DESARROLLO SOFWARE | B22: Competencias técnicas del progama | C22: 1 | D22: 10 | E22: 15 | F22: 44221 | G22: 44547 | H22: =$A$1 -> 3810000 | I22: =(D22*H22+(H22/30*E22))*C22 -> 40005000 | J22: Tecnólogo o Cuatro (4) años de Estudios Universitarios, relacionados con la especialidad objeto de formación, preferiblemente con Certificación Internacional en Desarrollo de Productos de Animación sobre Plataformas Adobe o AutoDesk. Veinticuatro (24) meses de Experiencia: de los cuales Dieciocho (18) meses estarán relacionados con el ejercicio de la profesión u oficio objeto de la formación profesional y Seis (6) meses en labores de docencia.
A23: TITULADA PRESENCIAL - TIC DISEÑO Y DESARROLLO SOFWARE | B23: Competencias técnicas del progama | C23: 1 | D23: 10 | E23: 15 | F23: 44221 | G23: 44547 | H23: =$A$1 -> 3810000 | I23: =(D23*H23+(H23/30*E23))*C23 -> 40005000 | J23: Tecnólogo o Cuatro (4) años de Estudios Universitarios, relacionados con la especialidad objeto de formación, preferiblemente con Certificación Internacional en Desarrollo de Productos de Animación sobre Plataformas Adobe o AutoDesk. Veinticuatro (24) meses de Experiencia: de los cuales Dieciocho (18) meses estarán relacionados con el ejercicio de la profesión u oficio objeto de la formación profesional y Seis (6) meses en labores de docencia.
A24: TITULADA PRESENCIAL - FINACIERA | B24: Competencias técnicas del progama | C24: 2 | D24: 10 | E24: 15 | F24: 44221 | G24: 44547 | H24: =$A$1 -> 3810000 | I24: =(D24*H24+(H24/30*E24))*C24 -> 80010000 | J24: Profesional en Ciencias Económicas, Financiera o afines. Preferiblemente con posgrado en gestión bancaria o afines. Manejo de herramientas informáticas asociadas al área objeto de la contratación. Medio tiempo Experiencia técnica 18 meses y 6 meses en labores de docencia.
A25: TITULADA PRESENCIAL - FINACIERA | B25: Competencias técnicas del progama | C25: 1 | D25: 10 | E25: 15 | F25: 44221 | G25: 44547 | H25: =$A$1 -> 3810000 | I25: =(D25*H25+(H25/30*E25))*C25 -> 40005000 | J25: Profesional en Ciencias Económicas, Financiera o afines. Preferiblemente con posgrado en gestión bancaria o afines. Manejo de herramientas informáticas asociadas al área objeto de la contratación. Medio tiempo Experiencia técnica 18 meses y 6 meses en labores de docencia.
A26: TITULADA PRESENCIAL - ADTIVA Y FINANCIERA | B26: Competencias técnicas del progama | C26: 2 | D26: 10 | E26: 15 | F26: 44221 | G26: 44547 | H26: =$A$1 -> 3810000 | I26: =(D26*H26+(H26/30*E26))*C26 -> 80010000 | J26: Profesional en Ciencias Económicas, Financiera o afines. Preferiblemente con posgrado en gestión bancaria o afines. Manejo de herramientas informáticas asociadas al área objeto de la contratación. Medio tiempo Experiencia técnica 18 meses y 6 meses en labores de docencia.
A27: TITULADA PRESENCIAL - ADTIVA Y FINANCIERA | B27: Competencias técnicas del progama | C27: 1 | D27: 10 | E27: 15 | F27: 44221 | G27: 44547 | H27: =$A$1 -> 3810000 | I27: =(D27*H27+(H27/30*E27))*C27 -> 40005000 | J27: Profesional en Ciencias Económicas, Financiera o afines. Preferiblemente con posgrado en gestión bancaria o afines. Manejo de herramientas informáticas asociadas al área objeto de la contratación. Medio tiempo Experiencia técnica 18 meses y 6 meses en labores de docencia.
... A34: TITULADA - RED SALUD | B34: Competencias técnicas del progama Rotes | C34: 2 | D34: 10 | E34: 15 | F34: 44221 | G34: 44547 | H34: =$A$1 -> 3810000 | I34: =(D34*H34+(H34/30*E34))*C34 -> 80010000 | J34: PROFESIONALES EN ENFERMERÍA CON FORMACIÓN ESPECÍFICA EN PAI, MÍNIMO 12 MESES DE EXPERIENCIA EN SU DESEMPEÑO PROFESIONAL. MÍNIMO 24 MESES DE VINCULACIÓN LABORAL EN EL DESEMPEÑO DE FUNCIONES RELACIONADAS CON LOS PROCESOS COMUNITARIOS. MÍNIMO 12 MESES DE EXPERIENCIA EN FORMACIÓN Y/O EDUCACIÓN.
B35: Competencias técnicas del progama | C35: 3 | D35: 10 | E35: 15 | F35: 44221 | G35: 44547 | H35: =$A$1 -> 3810000 | I35: =(D35*H35+(H35/30*E35))*C35 -> 120015000
A36: TITULADA - RED SALUD | B36: Competencias técnicas del progama Rotes | C36: 1 | D36: 10 | E36: 15 | F36: 44221 | G36: 44547 | H36: =$A$1 -> 3810000 | I36: =(D36*H36+(H36/30*E36))*C36 -> 40005000 | J36: PROFESIONALES EN ENFERMERÍA CON FORMACIÓN ESPECÍFICA EN PAI, MÍNIMO 12 MESES DE EXPERIENCIA EN SU DESEMPEÑO PROFESIONAL. MÍNIMO 24 MESES DE VINCULACIÓN LABORAL EN EL DESEMPEÑO DE FUNCIONES RELACIONADAS CON LOS PROCESOS COMUNITARIOS. MÍNIMO 12 MESES DE EXPERIENCIA EN FORMACIÓN Y/O EDUCACIÓN.
B37: Competencias técnicas del progama | C37: 2 | D37: 10 | E37: 15 | F37: 44221 | G37: 44547 | H37: =$A$1 -> 3810000 | I37: =(D37*H37+(H37/30*E37))*C37 -> 80010000
A38: TITULADA - RED SALUD | B38: Competencias técnicas del progama | C38: 1 | D38: 10 | E38: 15 | F38: 44221 | G38: 44547 | H38: =$A$1 -> 3810000 | I38: =(D38*H38+(H38/30*E38))*C38 -> 40005000 | J38: Profesional de la salud, Regente de Farmacia y/o Químico farmacéutico, (MUNICIPIOS DEL DEPARTAMENTO DELCAUCA) Experiencia técnica 18 meses y 6 meses en labores de docencia.
A39: TITULADA - RED SALUD | B39: Competencias técnicas del progama | C39: 1 | D39: 10 | E39: 15 | F39: 44221 | G39: 44547 | H39: =$A$1 -> 3810000 | I39: =(D39*H39+(H39/30*E39))*C39 -> 40005000 | J39: Profesional de la salud, Regente de Farmacia y/o Químico farmacéutico, (MUNICIPIOS DEL DEPARTAMENTO DELCAUCA) Experiencia técnica 18 meses y 6 meses en labores de docencia.
A40: TITULADA - RED SALUD | B40: Competencias técnicas del progama | C40: 2 | D40: 10 | E40: 15 | F40: 44221 | G40: 44547 | H40: =$A$1 -> 3810000 | I40: =(D40*H40+(H40/30*E40))*C40 -> 80010000 | J40: Profesional de la salud preferiblemente con epecialización en gerencia o administración en salud. (MUNICIPIOS DEL DEPARTAMENTO DELCAUCA) Experiencia técnica 18 meses y minimo 6 meses en labores de docencia.
A41: TITULADA - RED SALUD | B41: Competencias técnicas del progama | C41: 2 | D41: 10 | E41: 15 | F41: 44221 | G41: 44547 | H41: =$A$1 -> 3810000 | I41: =(D41*H41+(H41/30*E41))*C41 -> 80010000 | J41: Profesional de la salud preferiblemente con epecialización en gerencia o administración en salud. (MUNICIPIOS DEL DEPARTAMENTO DELCAUCA) Experiencia técnica 18 meses y minimo 6 meses en labores de docencia.
A42: TITULADA - RED SALUD | B42: Competencias técnicas del progama | C42: 1 | D42: 10 | E42: 15 | F42: 44221 | G42: 44547 | H42: =$A$1 -> 3810000 | I42: =(D42*H42+(H42/30*E42))*C42 -> 40005000 | J42: Técnico en peluquería, cosmetólogo esteticista experto en maquillaje o técnico en maquillaje artístico y decorativo mínimo 24 meses de vinculación laboral con el área de su profesión. Mínimo 12 meses de experiencia laboral como docente y/o instructor
A43: TITULADA - RED SALUD | B43: Competencias técnicas del progama | C43: 1 | D43: 10 | E43: 15 | F43: 44221 | G43: 44547 | H43: =$A$1 -> 3810000 | I43: =(D43*H43+(H43/30*E43))*C43 -> 40005000 | J43: Técnico en peluquería, cosmetólogo esteticista experto en maquillaje o técnico en maquillaje artístico y decorativo mínimo 24 meses de vinculación laboral con el área de su profesión. Mínimo 12 meses de experiencia laboral como docente y/o instructor
A44: TITULADA - RED SALUD | B44: Competencias técnicas del progama | C44: 1 | D44: 10 | E44: 15 | F44: 44221 | G44: 44547 | H44: =$A$1 -> 3810000 | I44: =(D44*H44+(H44/30*E44))*C44 -> 40005000 | J44: Técnico en peluquería, cosmetólogo esteticista experto en maquillaje o técnico en maquillaje artístico y decorativo mínimo 24 meses de vinculación laboral con el área de su profesión. Mínimo 12 meses de experiencia laboral como docente y/o instructor
A45: TITULADA - RED SALUD | B45: Competencias técnicas del progama Pedagogo | C45: 1 | D45: 10 | E45: 15 | F45: 44221 | G45: 44547 | H45: =$A$1 -> 3810000 | I45: =(D45*H45+(H45/30*E45))*C45 -> 40005000 | J45: Profesional en el área de la educación infantil, psicopedagoga, licenciado en educación preescolar (municipios del departamento del cauca). Experiencia laboral de 24 meses relacionada con la atención a niñas y niños menores de 6 años. (Psicologo)
A46: TITULADA - RED SALUD | B46: Competencias técnicas del progama Psicologo | C46: 1 | D46: 10 | E46: 15 | F46: 44221 | G46: 44547 | H46: =$A$1 -> 3810000 | I46: =(D46*H46+(H46/30*E46))*C46 -> 40005000 | J46: Profesional en el área de la educación infantil, psicopedagoga, licenciado en educación preescolar (municipios del departamento del cauca). Experiencia laboral de 24 meses relacionada con la atención a niñas y niños menores de 6 años. (Psicologo)
A47: TITULADA VIRTUAL - GUIANZA TURISTICA | B47: Competencias técnicas del progama | C47: 1 | D47: 10 | E47: 15 | F47: 44221 | G47: 44547 | H47: =$A$1 -> 3810000 | I47: =(D47*H47+(H47/30*E47))*C47 -> 40005000 | J47: Profesional y/o Tecnólogo en Administración Turística y/o • Guía de turismo con tarjeta profesional y/o • Profesionales en áreas especializadas de acuerdo al objeto de formación. Profesional: Doce (12) meses de experiencia relacionados con la especialidad objeto de formación. • Tecnólogo: Veinticuatro (24) meses de experiencia relacionados con la especialidad objeto de formación. • Guía de turismo con tarjeta profesional. Treinta y seis (36) meses de experiencia relacionados con la especialidad objeto de formación.
B48: TOTAL | C48: =SUM(C16:C47) -> 42 | I48: =SUM(I16:I47) -> 1680210000
A54: FERNANDO ALFONSO ESCOBAR QUIRA | E54: HAROL ARMANDO ROSERO SALAZAR
A55: C.C. 10.530.994 | E55: C.C. 76.320.134
A56: Subdirector | E56: Coordinador Académico

Sheet Adiciones
B2: PROGRAMA | C2: Valor Mes | D2: N° instructores | E2: valor total
B3: Titulada Presencial | D3: ='TIT-PRES'!#REF! -> #REF! | E3: ='TIT-PRES'!#REF! -> #REF!
B4: Titulada Salud y Servicios Personales | D4: ='TIT-INVES'!N21 -> #REF! | E4: ='TIT-INVES'!T21 -> #REF!
B5: Transversales | D5: ='TIT-TRASV'!O25 -> 0 | E5: ='TIT-TRASV'!U25 -> 0
B6: Seguimiento a Etapa Productiva | D6: ='SEGUIM-EP'!N19 -> 0 | E6: ='SEGUIM-EP'!T19 -> 0
B7: Titulada virtual | D7: ='TIT-VIRT'!N23 -> 0 | E7: ='TIT-VIRT'!T23 -> 0
B8: Valor Total | E8: 257734450
B11: Instructores de medio tiempo
B12: Nombre completo | C12: Programa | D12: valor mes | E12: Fecha inicio | F12: Fecha finalización
